Workbook
Name A2838a4300: [1]Ministres!#REF!
Name a440.: [1]Ministres!#REF!
Name somme: #REF!

Sheet GLOBAL Ministres 
A2: Tableau 3 - Estimation des recettes sur base des droits constatés - Budget 2027 initial
A3: Ministre ordonnateur | B3: Administration | C3: Décret | F3: Fonds SAP | G3: SEC | I3: AB | K3: AB créés hors processus budgétaire | N3: Libellé de l'adresse budgétaire | O3: Recettes imputées sur base des droits constatés (Décret "WBFin") | T3: Budget initial 2026 | U3: Variations | V3: Budget initial 2027
C4: Titre | D4: Secteur | E4: Division | I4: Compte budgétaire | J4: Domaine fonctionnel | K4: Hors processus budgétaire | L4: Exercice | M4: Date création
G6: 1-2 Sec | H6: 3-4 Sec | O6: 2021 | P6: 2022 | Q6: 2023 | R6: 2024 | S6: 2025 | X6: Code SEC | Y6: Vérif. code SEC
A7: (1) | B7: (2) | C7: (3) | D7: (4) | E7: (5) | F7: (6) | G7: (7) | H7: (8) | I7: (9) | J7: (10) | N7: (11) | O7: (12) | P7: (13) | Q7: (14) | R7: (15) | S7: (16) | T7: (17) | U7: (18) | V7: (19)
A9: DO | B9: F | C9: 1 | D9: 1 | E9: 19 | F9: 1000 | G9: 16 | H9: 11 | I9: 91611000 | J9: 901.276 | K9: oui | L9: 2025 | M9: 45665 | N9: Taxes - frais à refacturer aux entreprises | S9: 39431.84 | T9: 315 | U9: =V9-T9 -> -315 | X9: =G9&"."&H9 -> 16.11 | Y9: =COUNTIF('Codes SEC'!$B$2:$F$460,X9)>0 -> TRUE
A10: DO | B10: F | C10: 1 | D10: 1 | E10: 19 | F10: 1000 | G10: 16 | H10: 12 | I10: 91612000 | J10: 901.277 | K10: oui | L10: 2025 | M10: 45665 | N10: Taxes - frais à refacturer aux ménages | S10: 1448451.2 | T10: 1185 | U10: =V10-T10 -> -1185 | X10: =G10&"."&H10 -> 16.12 | Y10: =COUNTIF('Codes SEC'!$B$2:$F$460,X10)>0 -> TRUE
A11: DO | B11: F | C11: 1 | D11: 1 | E11: 19 | F11: 1000 | G11: 26 | H11: 10 | I11: 92610000 | J11: 901.220 | K11: oui | L11: 2023 | M11: 44991 | N11: Intérêts de créances fiscales | Q11: 15008535 | R11: 13400569 | S11: 16285515 | T11: 13401 | U11: =V11-T11 -> -13401 | X11: =G11&"."&H11 -> 26.10 | Y11: =COUNTIF('Codes SEC'!$B$2:$F$460,X11)>0 -> TRUE
A12: DO | B12: F | C12: 1 | D12: 1 | E12: 19 | F12: 1000 | G12: 36 | H12: 40 | I12: 93640000 | J12: 901.002 | N12: Droits d'enregistrement sur les transmissions à titre onéreux de biens immeubles | O12: 1.2884958e+09 | P12: 1.3505521e+09 | Q12: 1.1799818e+09 | R12: 1.2037085e+09 | S12: 9.5953618e+08 | T12: 959263 | U12: =V12-T12 -> -959263 | X12: =G12&"."&H12 -> 36.40 | Y12: =COUNTIF('Codes SEC'!$B$2:$F$460,X12)>0 -> TRUE
A13: DO | B13: F | C13: 1 | D13: 1 | E13: 19 | F13: 1000 | G13: 36 | H13: 40 | I13: 93640000 | J13: 901.003 | N13: Droits d'enregistrement sur la constitution d'une hypothèque sur un bien immeuble situé en Belgique | O13: 1.0027409e+08 | P13: 96264779 | Q13: 74037052 | R13: 72972559 | S13: 94058860 | T13: 94316 | U13: =V13-T13 -> -94316 | X13: =G13&"."&H13 -> 36.40 | Y13: =COUNTIF('Codes SEC'!$B$2:$F$460,X13)>0 -> TRUE
A14: DO | B14: F | C14: 1 | D14: 1 | E14: 19 | F14: 1000 | G14: 36 | H14: 40 | I14: 93640000 | J14: 901.004 | N14: Droits d'enregistrement sur les partages partiels ou totaux de biens immeubles situés en Belgique, les cessions à titre onéreux entre copropriétaires, de parties indivises de tels biens | O14: 25993413 | P14: 31036087 | Q14: 26788825 | R14: 26572068 | S14: 28174618 | T14: 39687 | U14: =V14-T14 -> -39687 | X14: =G14&"."&H14 -> 36.40 | Y14: =COUNTIF('Codes SEC'!$B$2:$F$460,X14)>0 -> TRUE
A15: DO | B15: F | C15: 1 | D15: 1 | E15: 19 | F15: 1000 | G15: 36 | H15: 40 | I15: 93640000 | J15: 901.005 | N15: Droits d'enregistrement sur les donations entre vifs de biens meubles ou immeubles | O15: 1.45071e+08 | P15: 1.6825791e+08 | Q15: 1.4366882e+08 | R15: 1.6692625e+08 | S15: 1.6858218e+08 | T15: 166935 | U15: =V15-T15 -> -166935 | X15: =G15&"."&H15 -> 36.40 | Y15: =COUNTIF('Codes SEC'!$B$2:$F$460,X15)>0 -> TRUE
A16: DO | B16: F | C16: 1 | D16: 1 | E16: 19 | F16: 1000 | G16: 36 | H16: 80 | I16: 93680000 | J16: 901.008 | N16: Taxes sur les logements abandonnés | O16: 0 | P16: 0 | Q16: 0 | R16: 0 | S16: 0 | T16: 0 | U16: =V16-T16 -> 0 | X16: =G16&"."&H16 -> 36.80 | Y16: =COUNTIF('Codes SEC'!$B$2:$F$460,X16)>0 -> TRUE
A17: DO | B17: F | C17: 1 | D17: 1 | E17: 19 | F17: 1000 | G17: 36 | H17: 90 | I17: 93690000 | J17: 901.009 | N17: Taxe sur les jeux et paris | O17: 40020175 | P17: 43246320 | Q17: 43794700 | R17: 57949254 | S17: 61578855 | T17: 61400 | U17: =V17-T17 -> -61400 | X17: =G17&"."&H17 -> 36.90 | Y17: =COUNTIF('Codes SEC'!$B$2:$F$460,X17)>0 -> TRUE
A18: DO | B18: F | C18: 1 | D18: 1 | E18: 19 | F18: 1000 | G18: 36 | H18: 90 | I18: 93690000 | J18: 901.010 | N18: Taxe sur les appareils automatiques de divertissement | O18: 1040.31 | P18: 32678922 | Q18: 17383321 | R18: 22210332 | S18: 20992759 | T18: 20000 | U18: =V18-T18 -> -20000 | X18: =G18&"."&H18 -> 36.90 | Y18: =COUNTIF('Codes SEC'!$B$2:$F$460,X18)>0 -> TRUE
A19: DO | B19: F | C19: 1 | D19: 1 | E19: 19 | F19: 1000 | G19: 36 | H19: 90 | I19: 93690000 | J19: 901.011 | N19: Taxe d'ouverture des débits de boissons fermentées | O19: 0 | P19: 250 | Q19: 250 | R19: 0 | S19: 5265.73 | T19: 0 | U19: =V19-T19 -> 0 | X19: =G19&"."&H19 -> 36.90 | Y19: =COUNTIF('Codes SEC'!$B$2:$F$460,X19)>0 -> TRUE
A20: DO | B20: F | C20: 1 | D20: 1 | E20: 19 | F20: 1000 | G20: 36 | H20: 90 | I20: 93690000 | J20: 901.012 | N20: Redevance radio et télévision | O20: 3149966.2 | P20: 0 | Q20: 0 | R20: 2100 | S20: 284.54 | T20: 0 | U20: =V20-T20 -> 0 | X20: =G20&"."&H20 -> 36.90 | Y20: =COUNTIF('Codes SEC'!$B$2:$F$460,X20)>0 -> TRUE
A21: DO | B21: F | C21: 1 | D21: 1 | E21: 19 | F21: 1000 | G21: 36 | H21: 90 | I21: 93690000 | J21: 901.013 | N21: Taxes sur les automates | O21: 22672930 | P21: 19265828 | Q21: 17473778 | R21: 18135900 | S21: 18154910 | T21: 17500 | U21: =V21-T21 -> -17500 | X21: =G21&"."&H21 -> 36.90 | Y21: =COUNTIF('Codes SEC'!$B$2:$F$460,X21)>0 -> TRUE
A22: DO | B22: F | C22: 1 | D22: 1 | E22: 19 | F22: 1000 | G22: 37 | H22: 20 | I22: 93720000 | J22: 901.014 | N22: Précompte immobilier | O22: 36523639 | P22: 42140787 | Q22: 46470264 | R22: 49048324 | S22: 51203884 | T22: 51516 | U22: =V22-T22 -> -51516 | X22: =G22&"."&H22 -> 37.20 | Y22: =COUNTIF('Codes SEC'!$B$2:$F$460,X22)>0 -> TRUE
A23: DO | B23: F | C23: 1 | D23: 1 | E23: 19 | F23: 1000 | G23: 38 | H23: 50 | I23: 93850000 | J23: 901.015 | N23: Amendes aux ménages relatives aux taxes et impôts régionaux | O23: 28220275 | P23: 14997484 | Q23: 4269271.2 | R23: 3712720.5 | S23: 4231083.5 | T23: 3000 | U23: =V23-T23 -> -3000 | X23: =G23&"."&H23 -> 38.50 | Y23: =COUNTIF('Codes SEC'!$B$2:$F$460,X23)>0 -> TRUE
... A25: DO | B25: SG | C25: 1 | D25: 2 | E25: 10 | F25: 1000 | G25: 16 | H25: 12 | I25: 91612000 | J25: 901.017 | N25: Produit d'études et vente de publications dans le domaine des statistiques | O25: 0 | P25: 0 | Q25: 0 | R25: 24 | S25: 0 | T25: 0 | U25: =V25-T25 -> 0 | X25: =G25&"."&H25 -> 16.12 | Y25: =COUNTIF('Codes SEC'!$B$2:$F$460,X25)>0 -> TRUE
A26: DO | B26: SG | C26: 1 | D26: 2 | E26: 10 | F26: 1000 | G26: 16 | H26: 12 | I26: 91612000 | J26: 901.018 | N26: Frais d'inscription à des manifestations organisées par la Région | O26: 0 | P26: 0 | Q26: 0 | S26: 0 | T26: 0 | U26: =V26-T26 -> 0 | X26: =G26&"."&H26 -> 16.12 | Y26: =COUNTIF('Codes SEC'!$B$2:$F$460,X26)>0 -> TRUE
A27: DO | B27: SG | C27: 1 | D27: 2 | E27: 10 | F27: 1000 | G27: 16 | H27: 12 | I27: 91612000 | J27: 901.128 | N27: Ventes de biens non durables et de services par le secteur des administrations publiques aux ménages et ASBL au service des ménages - Cofinancements européens | O27: 406487.79 | P27: 82480.04 | Q27: 473241.72 | R27: 0 | S27: 0 | T27: 0 | U27: =V27-T27 -> 0 | X27: =G27&"."&H27 -> 16.12 | Y27: =COUNTIF('Codes SEC'!$B$2:$F$460,X27)>0 -> TRUE
A28: DO | B28: SG | C28: 1 | D28: 2 | E28: 10 | F28: 1000 | G28: 16 | H28: 20 | I28: 91620000 | J28: 901.129 | N28: Ventes de biens non durables et de services d’une unité du secteur public à une autre unité du secteur public - Cofinancements européens | O28: 115851.44 | P28: 17403.45 | Q28: 229213.85 | R28: 0 | S28: 0 | T28: 0 | U28: =V28-T28 -> 0 | X28: =G28&"."&H28 -> 16.20 | Y28: =COUNTIF('Codes SEC'!$B$2:$F$460,X28)>0 -> TRUE
A29: DO | B29: SG | C29: 1 | D29: 2 | E29: 10 | F29: 1000 | G29: 39 | H29: 10 | I29: 93910000 | J29: 901.177 | N29: Transferts de revenus dans le cadre de dépenses préfinancées par l'entité (FRR) | P29: 1557.03 | Q29: 983.32 | R29: 0 | S29: 0 | T29: 0 | U29: =V29-T29 -> 0 | X29: =G29&"."&H29 -> 39.10 | Y29: =COUNTIF('Codes SEC'!$B$2:$F$460,X29)>0 -> TRUE
A30: DO | B30: SG | C30: 1 | D30: 2 | E30: 10 | F30: 2001 | G30: 49 | H30: 24 | I30: 94924000 | J30: 905.001 | N30: (Supprimé) Fonds budgétaire en matière de Loterie (recettes affectées au Fonds budgétaire en matière de Loterie : AB 030.001, programme 10.030 , division organique 10) | O30: 2306166.8 | P30: 3418558.8 | Q30: 4579150.6 | R30: 4448115.8 | S30: 4651980.5 | T30: 0 | U30: =V30-T30 -> 0 | X30: =G30&"."&H30 -> 49.24 | Y30: =COUNTIF('Codes SEC'!$B$2:$F$460,X30)>0 -> TRUE
A31: DO | B31: SG | C31: 1 | D31: 2 | E31: 10 | F31: 1000 | G31: 49 | H31: 24 | I31: 94924000 | J31: 901.283 | N31: Recettes en provenance de la Fédération Wallonie-Bruxelles dans le cadre de la loterie nationale | S31: 0 | T31: 3995 | U31: =V31-T31 -> -3995
A32: DO | B32: ARNE | C32: 1 | D32: 2 | E32: 15 | F32: 1000 | G32: 16 | H32: 12 | I32: 91612000 | J32: 901.250 | N32: Prestations pour l'identification et l'enregistrement des chiens et des chats | Q32: 0 | R32: 186836 | S32: 178160 | T32: 240 | U32: =V32-T32 -> -240 | X32: =G32&"."&H32 -> 16.12 | Y32: =COUNTIF('Codes SEC'!$B$2:$F$460,X32)>0 -> TRUE
A33: DO | B33: ARNE | C33: 1 | D33: 2 | E33: 15 | F33: 1000 | G33: 38 | H33: 50 | I33: 93850000 | J33: 901.247 | N33: Redevances liées au bien-être animal | Q33: 0 | R33: 85444.04 | S33: 34720 | T33: 40 | U33: =V33-T33 -> -40 | X33: =G33&"."&H33 -> 38.50 | Y33: =COUNTIF('Codes SEC'!$B$2:$F$460,X33)>0 -> TRUE
A34: DO | B34: ARNE | C34: 1 | D34: 2 | E34: 15 | F34: 1000 | G34: 38 | H34: 50 | I34: 93850000 | J34: 901.248 | N34: Amendes administratives perçues en application des dispositions de la loi du 14 août 1986 relative à la protection et au Bien-être des animaux et de ses arrêtés d’exécution | Q34: 0 | R34: 83145.91 | S34: 67636.98 | T34: 60 | U34: =V34-T34 -> -60 | X34: =G34&"."&H34 -> 38.50 | Y34: =COUNTIF('Codes SEC'!$B$2:$F$460,X34)>0 -> TRUE
A35: DO | B35: ARNE | C35: 1 | D35: 2 | E35: 15 | F35: 1000 | G35: 38 | H35: 50 | I35: 93850000 | J35: 901.249 | N35: Remboursement des frais de saisies dans le cadre du bien-être animal | Q35: 0 | R35: 39043.04 | S35: 170354.72 | T35: 240 | U35: =V35-T35 -> -240 | X35: =G35&"."&H35 -> 38.50 | Y35: =COUNTIF('Codes SEC'!$B$2:$F$460,X35)>0 -> TRUE
A36: DO | B36: ARNE | C36: 1 | D36: 2 | E36: 15 | F36: 1000 | G36: 38 | H36: 50 | I36: 93850000 | J36: 901.251 | N36: Divers dons et legs au Fonds du Bien-être animal | Q36: 0 | R36: 0 | S36: 0 | T36: 0 | U36: =V36-T36 -> 0 | X36: =G36&"."&H36 -> 38.50 | Y36: =COUNTIF('Codes SEC'!$B$2:$F$460,X36)>0 -> TRUE
B37: ARNE | C37: 1 | D37: 2 | E37: 15 | F37: 2011 | G37: 38 | H37: 50 | I37: 93850000 | J37: 906.001 | N37: (Supprimé) Redevances (recettes affectées au Fonds budgétaire du Bien-être animal : AB 067.001, programme 15.067, division organique 15) | O37: 37300 | P37: 40755 | Q37: 118331.26 | R37: 0 | S37: 0 | X37: =G37&"."&H37 -> 38.50 | Y37: =COUNTIF('Codes SEC'!$B$2:$F$460,X37)>0 -> TRUE
B38: ARNE | C38: 1 | D38: 2 | E38: 15 | F38: 2011 | G38: 38 | H38: 50 | I38: 93850000 | J38: 906.002 | N38: (Supprimé) Amendes administratives perçues en application des dispositions de la loi du 14 août 1986 relative à la protection et au Bien-être des animaux et de ses arrêtés d’exécution (recettes affectées au Fonds budgétaire du Bien être animal : AB 067.001, programme 15.067, division organique 15) | O38: 41000 | P38: 30305.79 | Q38: 48889.97 | R38: 0 | S38: 0 | X38: =G38&"."&H38 -> 38.50 | Y38: =COUNTIF('Codes SEC'!$B$2:$F$460,X38)>0 -> TRUE
B39: ARNE | C39: 1 | D39: 2 | E39: 15 | F39: 2011 | G39: 38 | H39: 50 | I39: 93850000 | J39: 906.003 | N39: (Supprimé) Remboursement des frais de saisies (recettes affectées au Fonds budgétaire du Bien-être animal : AB 067.001, programme 15.067, division organique 15) | O39: 16105.24 | P39: 0 | Q39: 0 | R39: 0 | S39: 0 | X39: =G39&"."&H39 -> 38.50 | Y39: =COUNTIF('Codes SEC'!$B$2:$F$460,X39)>0 -> TRUE
A40: DO | B40: F | C40: 1 | D40: 2 | E40: 19 | F40: 1000 | G40: 6 | H40: 0 | I40: 90600001 | J40: 901.150 | N40: (Supprimé) Produits divers | O40: 13558490 | P40: 0 | Q40: 0 | R40: 0 | S40: 0 | X40: 06.00 | Y40: =COUNTIF('Codes SEC'!$B$2:$F$460,X40)>0 -> TRUE
A41: DO | B41: F | C41: 1 | D41: 2 | E41: 19 | F41: 1000 | G41: 8 | H41: 20 | I41: 90820001 | J41: 901.259 | K41: oui | L41: 2024 | M41: 45314 | N41: Dettes prescrites fournisseurs | R41: 0 | S41: 0 | T41: 0 | U41: =V41-T41 -> 0 | X41: 08.20 | Y41: =COUNTIF('Codes SEC'!$B$2:$F$460,X41)>0 -> TRUE
A42: DO | B42: F | C42: 1 | D42: 2 | E42: 19 | F42: 1000 | G42: 11 | H42: 11 | I42: 91111000 | J42: 901.026 | N42: Recettes relatives au personnel FWB de la nouvelle CIF | O42: 0 | P42: 0 | Q42: 205145.85 | R42: 21052.39 | S42: 310.62 | T42: 0 | U42: =V42-T42 -> 0 | X42: =G42&"."&H42 -> 11.11 | Y42: =COUNTIF('Codes SEC'!$B$2:$F$460,X42)>0 -> TRUE
A43: DO | B43: F | C43: 1 | D43: 2 | E43: 19 | F43: 1000 | G43: 11 | H43: 20 | I43: 91120000 | J43: 901.229 | K43: oui | L43: 2023 | M43: 45091 | N43: Récupérations de charges sociales | Q43: 0 | R43: 124015.73 | S43: 104626.51 | T43: 0 | U43: =V43-T43 -> 0 | X43: =G43&"."&H43 -> 11.20 | Y43: =COUNTIF('Codes SEC'!$B$2:$F$460,X43)>0 -> TRUE
A44: DO | B44: F | C44: 1 | D44: 2 | E44: 19 | F44: 1000 | G44: 11 | H44: 31 | I44: 91131000 | J44: 901.257 | K44: oui | L44: 2023 | M44: 45274 | N44: Récupérations d'allocations sociales directes | R44: 0 | S44: 0 | T44: 0 | U44: =V44-T44 -> 0 | X44: =G44&"."&H44 -> 11.31 | Y44: =COUNTIF('Codes SEC'!$B$2:$F$460,X44)>0 -> TRUE
C45: 1 | D45: 2 | E45: 19 | F45: 1000 | G45: 12 | H45: 11 | I45: 91211000 | J45: 901.027 | N45: (Supprimé) Versement par les comptables opérant au moyen d'avances de fonds des sommes non utilisées | O45: 3292828.5 | S45: 0 | X45: =G45&"."&H45 -> 12.11 | Y45: =COUNTIF('Codes SEC'!$B$2:$F$460,X45)>0 -> TRUE
A46: DO | B46: F | C46: 1 | D46: 2 | E46: 19 | F46: 1000 | G46: 12 | H46: 11 | I46: 91211000 | J46: 901.153 | N46: Produits divers - Récupérations | P46: 1365106.2 | Q46: 3438973.3 | R46: 3626002.5 | S46: 1617861.8 | T46: 0 | U46: =V46-T46 -> 0 | X46: =G46&"."&H46 -> 12.11 | Y46: =COUNTIF('Codes SEC'!$B$2:$F$460,X46)>0 -> TRUE
A47: DO | B47: F | C47: 1 | D47: 2 | E47: 19 | F47: 1000 | G47: 12 | H47: 21 | I47: 91221000 | J47: 901.195 | N47: Récupérations en provenance du secteur des administrations publiques | P47: 25217.53 | Q47: 46194.96 | R47: 71094.28 | S47: 66957.09 | T47: 45 | U47: =V47-T47 -> -45 | X47: =G47&"."&H47 -> 12.21 | Y47: =COUNTIF('Codes SEC'!$B$2:$F$460,X47)>0 -> TRUE
A48: DO | B48: F | C48: 1 | D48: 2 | E48: 19 | F48: 1000 | G48: 14 | H48: 10 | I48: 91410000 | J48: 901.230 | K48: oui | L48: 2023 | M48: 45091 | N48: Récupérations dans le cadre de réparations et d'entretiens de travaux routiers et hydrauliques | Q48: 0 | R48: 347396.98 | S48: 52285.14 | U48: =V48-T48 -> 0 | X48: =G48&"."&H48 -> 14.10 | Y48: =COUNTIF('Codes SEC'!$B$2:$F$460,X48)>0 -> TRUE
A49: DO | B49: F | C49: 1 | D49: 2 | E49: 19 | F49: 1000 | G49: 16 | H49: 11 | I49: 91611000 | J49: 901.155 | N49: Produits divers - Ventes de biens non durables et des services aux entreprises | P49: 0 | Q49: 0 | R49: 22244.16 | S49: 385568.34 | T49: 50 | U49: =V49-T49 -> -50 | X49: =G49&"."&H49 -> 16.11 | Y49: =COUNTIF('Codes SEC'!$B$2:$F$460,X49)>0 -> TRUE
A50: DO | B50: F | C50: 1 | D50: 2 | E50: 19 | F50: 1000 | G50: 16 | H50: 11 | I50: 91611000 | J50: 901.197 | N50: Produits divers - Vente en seconde main de petit matériel aux entreprises | P50: 0 | Q50: 0 | R50: 2017.31 | S50: 2717.19 | T50: 2 | U50: =V50-T50 -> -2 | X50: =G50&"."&H50 -> 16.11 | Y50: =COUNTIF('Codes SEC'!$B$2:$F$460,X50)>0 -> TRUE
A51: DO | B51: F | C51: 1 | D51: 2 | E51: 19 | F51: 1000 | G51: 16 | H51: 12 | I51: 91612000 | J51: 901.147 | N51: (Supprimé) Produits divers - Ventes dans les cafétarias | P51: 0 | Q51: 197279.32 | R51: 253413.06 | S51: 0 | X51: =G51&"."&H51 -> 16.12 | Y51: =COUNTIF('Codes SEC'!$B$2:$F$460,X51)>0 -> TRUE
A52: DO | B52: F | C52: 1 | D52: 2 | E52: 19 | F52: 1000 | G52: 16 | H52: 12 | I52: 91612000 | J52: 901.154 | N52: Produits divers - Ventes de biens non durables et des services aux ASBL au service des ménages | P52: 0 | Q52: 0 | R52: 0 | S52: 224353.61 | T52: 25 | U52: =V52-T52 -> -25 | X52: =G52&"."&H52 -> 16.12 | Y52: =COUNTIF('Codes SEC'!$B$2:$F$460,X52)>0 -> TRUE
A53: DO | B53: F | C53: 1 | D53: 2 | E53: 19 | F53: 1000 | G53: 16 | H53: 20 | I53: 91620000 | J53: 901.156 | N53: Produits divers - Ventes de biens non durables et des services à l'intérieur du secteur des administrations publiques | P53: 0 | Q53: 169716.8 | R53: 3895.95 | S53: 24803 | T53: 10 | U53: =V53-T53 -> -10 | X53: =G53&"."&H53 -> 16.20 | Y53: =COUNTIF('Codes SEC'!$B$2:$F$460,X53)>0 -> TRUE
A54: DO | B54: F | C54: 1 | D54: 2 | E54: 19 | F54: 1000 | G54: 21 | H54: 10 | I54: 92110000 | J54: 901.032 | N54: Produit des opérations d'excédents d'émissions d'emprunts | O54: 0 | P54: 16234400 | Q54: 798760 | R54: 1728406.7 | S54: 0 | T54: 0 | U54: =V54-T54 -> 0 | X54: =G54&"."&H54 -> 21.10 | Y54: =COUNTIF('Codes SEC'!$B$2:$F$460,X54)>0 -> TRUE
A55: DO | B55: F | C55: 1 | D55: 2 | E55: 19 | F55: 1000 | G55: 21 | H55: 10 | I55: 92110000 | J55: 901.231 | K55: oui | L55: 2023 | M55: 45091 | N55: Récupérations de charges d'intérêts autres que la dette publique | Q55: 0 | R55: 0 | S55: 109025.1 | T55: 0 | U55: =V55-T55 -> 0 | X55: =G55&"."&H55 -> 21.10 | Y55: =COUNTIF('Codes SEC'!$B$2:$F$460,X55)>0 -> TRUE
A56: DO | B56: F | C56: 1 | D56: 2 | E56: 19 | F56: 1000 | G56: 24 | H56: 10 | I56: 92410000 | J56: 901.258 | K56: oui | L56: 2023 | M56: 45274 | N56: Récupérations de locations de terres | R56: 0 | S56: 0 | T56: 0 | U56: =V56-T56 -> 0 | X56: =G56&"."&H56 -> 24.10 | Y56: =COUNTIF('Codes SEC'!$B$2:$F$460,X56)>0 -> TRUE
A57: DO | B57: F | C57: 1 | D57: 2 | E57: 19 | F57: 1000 | G57: 26 | H57: 10 | I57: 92610000 | J57: 901.033 | N57: (Supprimé) Intérêts de placements | O57: 151382.38 | P57: 21430529 | Q57: 85042599 | R57: 1.231593e+08 | S57: 58100174 | T57: 0 | U57: =V57-T57 -> 0 | X57: =G57&"."&H57 -> 26.10 | Y57: =COUNTIF('Codes SEC'!$B$2:$F$460,X57)>0 -> TRUE
A58: DO | B58: F | C58: 1 | D58: 2 | E58: 19 | F58: 1000 | G58: 26 | H58: 10 | I58: 92610000 | J58: 901.221 | K58: oui | L58: 2023 | M58: 45007 | N58: Intérêts créditeurs sur les comptes | Q58: 0 | R58: 37135.34 | S58: 38106.5 | T58: 35000 | U58: =V58-T58 -> -35000 | X58: =G58&"."&H58 -> 26.10 | Y58: =COUNTIF('Codes SEC'!$B$2:$F$460,X58)>0 -> TRUE
A59: DO | B59: F | C59: 1 | D59: 2 | E59: 19 | F59: 1000 | G59: 26 | H59: 10 | I59: 92610000 | J59: 901.275 | N59: Intérêts de placements, indexation d’emprunts et primes d’émission | R59: 0 | S59: 69211449 | T59: 0 | U59: =V59-T59 -> 0 | X59: =G59&"."&H59 -> 26.10 | Y59: =COUNTIF('Codes SEC'!$B$2:$F$460,X59)>0 -> TRUE
A60: DO | B60: F | C60: 1 | D60: 2 | E60: 19 | F60: 1000 | G60: 26 | H60: 20 | I60: 92620000 | J60: 901.225 | N60: Produits de prêts aux SPABS | Q60: 1734000 | R60: 2049158.1 | S60: 1890022.2 | T60: 1734 | U60: =V60-T60 -> -1734 | X60: =G60&"."&H60 -> 26.20 | Y60: =COUNTIF('Codes SEC'!$B$2:$F$460,X60)>0 -> TRUE
A61: DO | B61: F | C61: 1 | D61: 2 | E61: 19 | F61: 1000 | G61: 31 | H61: 32 | I61: 93132000 | J61: 901.025 | N61: Récupérations de sommes indûment payées - Entreprises | O61: 1390024.5 | P61: 750 | Q61: 1406419.6 | R61: 1729456.5 | S61: 1801176.9 | T61: 600 | U61: =V61-T61 -> -600 | X61: =G61&"."&H61 -> 31.32 | Y61: =COUNTIF('Codes SEC'!$B$2:$F$460,X61)>0 -> TRUE
A62: DO | B62: F | C62: 1 | D62: 2 | E62: 19 | F62: 1000 | G62: 32 | H62: 0 | I62: 93200000 | J62: 901.232 | K62: oui | L62: 2023 | M62: 45091 | N62: Récupérations de transferts de revenus, autres que des subventions d'exploitation | Q62: 0 | R62: 778015.51 | S62: 53240.53 | T62: 0 | U62: =V62-T62 -> 0 | X62: 32.00 | Y62: =COUNTIF('Codes SEC'!$B$2:$F$460,X62)>0 -> TRUE
A63: DO | B63: F | C63: 1 | D63: 2 | E63: 19 | F63: 1000 | G63: 33 | H63: 0 | I63: 93300000 | J63: 901.162 | N63: Récupérations de sommes indûment payées - ASBL au service des ménages | P63: 0 | Q63: 801036.64 | R63: 4694071.4 | S63: 2657908.2 | T63: 0 | U63: =V63-T63 -> 0 | X63: 33.00 | Y63: =COUNTIF('Codes SEC'!$B$2:$F$460,X63)>0 -> TRUE
A64: DO | B64: F | C64: 1 | D64: 2 | E64: 19 | F64: 1000 | G64: 34 | H64: 41 | I64: 93441000 | J64: 901.163 | N64: Récupérations de sommes indûment payées - Ménages | P64: 0 | Q64: 4101.2 | R64: 22233.77 | S64: 443733.88 | T64: 0 | U64: =V64-T64 -> 0 | X64: =G64&"."&H64 -> 34.41 | Y64: =COUNTIF('Codes SEC'!$B$2:$F$460,X64)>0 -> TRUE
A65: DO | B65: F | C65: 1 | D65: 2 | E65: 19 | F65: 1000 | G65: 35 | H65: 40 | I65: 93540000 | J65: 901.233 | K65: oui | L65: 2023 | M65: 45091 | N65: Récupérations de transferts de revenus à l'étranger | Q65: 0 | R65: 0 | S65: 0 | T65: 0 | U65: =V65-T65 -> 0 | X65: =G65&"."&H65 -> 35.40 | Y65: =COUNTIF('Codes SEC'!$B$2:$F$460,X65)>0 -> TRUE
A66: DO | B66: F | C66: 1 | D66: 2 | E66: 19 | F66: 1000 | G66: 36 | H66: 90 | I66: 93690000 | J66: 901.152 | N66: Produits divers - Taxes et impôts indirects divers | P66: 0 | Q66: 0 | R66: 0 | S66: 0 | T66: 0 | U66: =V66-T66 -> 0 | X66: =G66&"."&H66 -> 36.90 | Y66: =COUNTIF('Codes SEC'!$B$2:$F$460,X66)>0 -> TRUE
A67: DO | B67: F | C67: 1 | D67: 2 | E67: 19 | F67: 1000 | G67: 37 | H67: 20 | I67: 93720000 | J67: 901.151 | N67: Produits divers - Impôts directs divers | P67: 265615 | Q67: 274946 | R67: 0 | S67: 0 | T67: 0 | U67: =V67-T67 -> 0 | X67: =G67&"."&H67 -> 37.20 | Y67: =COUNTIF('Codes SEC'!$B$2:$F$460,X67)>0 -> TRUE
A68: DO | B68: F | C68: 1 | D68: 2 | E68: 19 | F68: 1000 | G68: 38 | H68: 10 | I68: 93810000 | J68: 901.024 | N68: Produits divers - Divers transferts de revenus des entreprises | P68: 6363473.3 | Q68: 1500723 | R68: 335.39 | S68: 11515906 | T68: 2000 | U68: =V68-T68 -> -2000 | X68: =G68&"."&H68 -> 38.10 | Y68: =COUNTIF('Codes SEC'!$B$2:$F$460,X68)>0 -> TRUE
A69: DO | B69: F | C69: 1 | D69: 2 | E69: 19 | F69: 1000 | G69: 38 | H69: 10 | I69: 93810000 | J69: 901.035 | N69: Produit des retenues et des pénalités pour retard appliquées à des adjudicataires | O69: 136569.53 | P69: 27059.43 | Q69: 15431.99 | R69: 0 | S69: 0 | T69: 25 | U69: =V69-T69 -> -25 | X69: =G69&"."&H69 -> 38.10 | Y69: =COUNTIF('Codes SEC'!$B$2:$F$460,X69)>0 -> TRUE
A70: DO | B70: F | C70: 1 | D70: 2 | E70: 19 | F70: 1000 | G70: 38 | H70: 10 | I70: 93810000 | J70: 901.036 | N70: Récupération des créances contentieuses | O70: 468574.83 | P70: 1378409.1 | Q70: 834706.06 | R70: 996618.14 | S70: 485424.78 | T70: 800 | U70: =V70-T70 -> -800 | X70: =G70&"."&H70 -> 38.10 | Y70: =COUNTIF('Codes SEC'!$B$2:$F$460,X70)>0 -> TRUE
A71: DO | B71: F | C71: 1 | D71: 2 | E71: 19 | F71: 1000 | G71: 38 | H71: 10 | I71: 93810000 | J71: 901.148 | N71: (Supprimé) Produits divers - Produits de cautions diverses | P71: 12200 | Q71: 0 | R71: 0 | S71: 0 | X71: =G71&"."&H71 -> 38.10 | Y71: =COUNTIF('Codes SEC'!$B$2:$F$460,X71)>0 -> TRUE
A72: DO | B72: F | C72: 1 | D72: 2 | E72: 19 | F72: 1000 | G72: 38 | H72: 10 | I72: 93810000 | J72: 901.159 | N72: (Supprimé) Produits divers - Transferts de revenus des entreprises - Garanties agricoles | P72: 0 | Q72: 13127.57 | R72: 0 | S72: 0 | X72: =G72&"."&H72 -> 38.10 | Y72: =COUNTIF('Codes SEC'!$B$2:$F$460,X72)>0 -> TRUE
A73: DO | B73: F | C73: 1 | D73: 2 | E73: 19 | F73: 1000 | G73: 38 | H73: 10 | I73: 93810000 | J73: 901.198 | N73: (Supprimé) Produits divers - Amendes et pénalités dues par les entreprises | P73: 12290201 | Q73: 10370665 | R73: 7952781.1 | S73: 0 | X73: =G73&"."&H73 -> 38.10 | Y73: =COUNTIF('Codes SEC'!$B$2:$F$460,X73)>0 -> TRUE
A74: DO | B74: F | C74: 1 | D74: 2 | E74: 19 | F74: 1000 | G74: 38 | H74: 50 | I74: 93850000 | J74: 901.146 | N74: Produits divers - Divers transferts de revenus des ménages | P74: 363988.75 | Q74: 200578.66 | R74: 658794.34 | S74: 2413784.1 | T74: 120 | U74: =V74-T74 -> -120 | X74: =G74&"."&H74 -> 38.50 | Y74: =COUNTIF('Codes SEC'!$B$2:$F$460,X74)>0 -> TRUE
A75: DO | B75: F | C75: 1 | D75: 2 | E75: 19 | F75: 1000 | G75: 41 | H75: 40 | I75: 94140000 | J75: 901.234 | K75: oui | L75: 2023 | M75: 45091 | N75: Récupérations de sommes indûment payées - UAP | Q75: 331864.27 | R75: 1129837.6 | S75: 1554165.8 | T75: 0 | U75: =V75-T75 -> 0 | X75: =G75&"."&H75 -> 41.40 | Y75: =COUNTIF('Codes SEC'!$B$2:$F$460,X75)>0 -> TRUE
A76: DO | B76: F | C76: 1 | D76: 2 | E76: 19 | F76: 1000 | G76: 42 | H76: 90 | I76: 94290000 | J76: 901.260 | K76: oui | L76: 2023 | M76: 45371 | N76: Récupérations de transferts de revenus aux administrations de sécurité sociale | R76: 0 | S76: 38762.6 | T76: 0 | U76: =V76-T76 -> 0 | X76: =G76&"."&H76 -> 42.90 | Y76: =COUNTIF('Codes SEC'!$B$2:$F$460,X76)>0 -> TRUE
A77: DO | B77: F | C77: 1 | D77: 2 | E77: 19 | F77: 1000 | G77: 43 | H77: 21 | I77: 94321000 | J77: 901.235 | K77: oui | L77: 2023 | M77: 45091 | N77: Récupérations de transferts de revenus aux administrations publiques locales | Q77: 1075624.9 | R77: 9719354.2 | S77: 12135567 | T77: 0 | U77: =V77-T77 -> 0 | X77: =G77&"."&H77 -> 43.21 | Y77: =COUNTIF('Codes SEC'!$B$2:$F$460,X77)>0 -> TRUE
A78: DO | B78: F | C78: 1 | D78: 2 | E78: 19 | F78: 1000 | G78: 43 | H78: 22 | I78: 94322000 | J78: 901.202 | N78: Récupérations de sommes indûment payées - Secteur public | P78: 0 | Q78: 39914.73 | R78: 0 | S78: 1454.28 | T78: 0 | U78: =V78-T78 -> 0 | X78: =G78&"."&H78 -> 43.22 | Y78: =COUNTIF('Codes SEC'!$B$2:$F$460,X78)>0 -> TRUE
A79: DO | B79: F | C79: 1 | D79: 2 | E79: 19 | F79: 1000 | G79: 45 | H79: 24 | I79: 94524000 | J79: 901.261 | K79: oui | L79: 2024 | M79: 45385 | N79: Récupérations en provenance de la Communauté française | R79: 203.91 | S79: 11408.94 | T79: 0 | U79: =V79-T79 -> 0 | X79: =G79&"."&H79 -> 45.24 | Y79: =COUNTIF('Codes SEC'!$B$2:$F$460,X79)>0 -> TRUE
A80: DO | B80: F | C80: 1 | D80: 2 | E80: 19 | F80: 1000 | G80: 45 | H80: 40 | I80: 94540000 | J80: 901.236 | K80: oui | L80: 2023 | M80: 45091 | N80: Récupérations de transferts de revenus à d'autres groupes institutionnels | Q80: 27006.84 | R80: 33575.85 | S80: 23255.19 | T80: 0 | U80: =V80-T80 -> 0 | X80: =G80&"."&H80 -> 45.40 | Y80: =COUNTIF('Codes SEC'!$B$2:$F$460,X80)>0 -> TRUE
A81: DO | B81: F | C81: 1 | D81: 2 | E81: 19 | F81: 1000 | G81: 41 | H81: 30 | I81: 94130000 | J81: 901.193 | N81: Récupérations de sommes indûment payées - SACA | P81: 11199625 | Q81: 0 | R81: 0 | S81: 0 | T81: 0 | U81: =V81-T81 -> 0 | X81: =G81&"."&H81 -> 41.30 | Y81: =COUNTIF('Codes SEC'!$B$2:$F$460,X81)>0 -> TRUE
A82: DO | B82: F | C82: 1 | D82: 2 | E82: 19 | F82: 1000 | G82: 46 | H82: 40 | I82: 94640000 | J82: 901.175 | N82: (Supprimé) Produits divers - Transferts de revenus à l'intérieur d'un groupe institutionnel | P82: 0 | Q82: 34636501 | R82: 24266000 | S82: 0 | T82: 0 | U82: =V82-T82 -> 0 | X82: =G82&"."&H82 -> 46.40 | Y82: =COUNTIF('Codes SEC'!$B$2:$F$460,X82)>0 -> TRUE
A83: DO | B83: F | C83: 1 | D83: 2 | E83: 19 | F83: 1000 | G83: 46 | H83: 40 | I83: 94640000 | J83: 901.192 | N83: (Supprimé) Recettes diverses - Transfert de revenus en provenance des UAP | P83: 0 | Q83: 0 | R83: 0 | S83: 6050 | T83: 0 | U83: =V83-T83 -> 0 | X83: =G83&"."&H83 -> 46.40 | Y83: =COUNTIF('Codes SEC'!$B$2:$F$460,X83)>0 -> TRUE
A84: DO | B84: F | C84: 1 | D84: 2 | E84: 19 | F84: 1000 | G84: 46 | H84: 40 | I84: 94640000 | J84: 901.194 | N84: (Supprimé) Remboursement de sommes indûment payées à l'intérieur du secteur des administrations publiques | P84: 0 | Q84: 94556.25 | R84: 0 | S84: 0 | T84: 0 | U84: =V84-T84 -> 0 | X84: =G84&"."&H84 -> 46.40 | Y84: =COUNTIF('Codes SEC'!$B$2:$F$460,X84)>0 -> TRUE
A85: DO | B85: F | C85: 1 | D85: 2 | E85: 19 | F85: 1000 | G85: 48 | H85: 22 | I85: 94822000 | J85: 901.191 | N85: Recettes diverses - Transfert de revenus en provenance des pouvoirs locaux | P85: 0 | Q85: 0 | R85: 0 | S85: 10438 | U85: =V85-T85 -> 0 | X85: =G85&"."&H85 -> 48.22 | Y85: =COUNTIF('Codes SEC'!$B$2:$F$460,X85)>0 -> TRUE
A86: DO | B86: F | C86: 1 | D86: 2 | E86: 19 | F86: 1000 | G86: 48 | H86: 22 | I86: 94822000 | J86: 901.201 | N86: (Supprimé) Produits divers - Divers transferts de revenus du secteur public | P86: 0 | Q86: 39945.52 | R86: 0 | S86: 0 | X86: =G86&"."&H86 -> 48.22 | Y86: =COUNTIF('Codes SEC'!$B$2:$F$460,X86)>0 -> TRUE
A87: DO | B87: F | C87: 1 | D87: 2 | E87: 19 | F87: 1000 | G87: 49 | H87: 24 | I87: 94924000 | J87: 901.037 | N87: Moyens transférés par la Communauté française | O87: 372941000 | P87: 408242000 | Q87: 429819000 | R87: 431622000 | S87: 4.4945554e+08 | T87: 443784 | U87: =V87-T87 -> -443784 | X87: =G87&"."&H87 -> 49.24 | Y87: =COUNTIF('Codes SEC'!$B$2:$F$460,X87)>0 -> TRUE
A88: DO | B88: F | C88: 1 | D88: 2 | E88: 19 | F88: 1000 | G88: 49 | H88: 24 | I88: 94924000 | J88: 901.038 | N88: (Supprimé) Moyens transférés par la Communauté française - Calcul définitif exercice antérieur | O88: 1582754 | P88: 7083731 | Q88: 26173033 | R88: 0 | S88: 0 | X88: =G88&"."&H88 -> 49.24 | Y88: =COUNTIF('Codes SEC'!$B$2:$F$460,X88)>0 -> TRUE
A89: DO | B89: F | C89: 1 | D89: 2 | E89: 19 | F89: 1000 | G89: 49 | H89: 24 | I89: 94924000 | J89: 901.039 | N89: Moyens perçus de la CFWB (accords de la Sainte Emilie) | O89: 3659777769 | P89: 4019923236 | Q89: 4.6149163e+09 | R89: 4.5443718e+09 | S89: 4.69591e+09 | T89: 4742307 | U89: =V89-T89 -> -4742307 | X89: =G89&"."&H89 -> 49.24 | Y89: =COUNTIF('Codes SEC'!$B$2:$F$460,X89)>0 -> TRUE
A90: DO | B90: F | C90: 1 | D90: 2 | E90: 19 | F90: 1000 | G90: 49 | H90: 40 | I90: 94940000 | J90: 901.040 | N90: Dotations fédérales diverses (Groupe jeux et paris, TC/TMC, PRI, …) | O90: 5551301.1 | P90: 7393508.4 | Q90: 18019334 | R90: 17731753 | S90: 18424690 | T90: 18478 | U90: =V90-T90 -> -18478 | X90: =G90&"."&H90 -> 49.40 | Y90: =COUNTIF('Codes SEC'!$B$2:$F$460,X90)>0 -> TRUE
B91: F | C91: 1 | D91: 2 | E91: 19 | F91: 1000 | G91: 49 | H91: 40 | I91: 94940000 | J91: 901.041 | N91: (Supprimé) Dotation Fédéral TC/TMC | O91: 9462719.9 | P91: 8800203.6 | S91: 0 | X91: =G91&"."&H91 -> 49.40 | Y91: =COUNTIF('Codes SEC'!$B$2:$F$460,X91)>0 -> TRUE
A92: DO | B92: F | C92: 1 | D92: 2 | E92: 19 | F92: 1000 | G92: 49 | H92: 40 | I92: 94940000 | J92: 901.042 | N92: Moyens liés aux compétences transférées | O92: 1937269610 | P92: 2617621411 | Q92: 3332943392 | R92: 3237021903 | S92: 3.3191219e+09 | T92: 3331396 | U92: =V92-T92 -> -3331396 | X92: =G92&"."&H92 -> 49.40 | Y92: =COUNTIF('Codes SEC'!$B$2:$F$460,X92)>0 -> TRUE
A93: DO | B93: F | C93: 1 | D93: 2 | E93: 19 | F93: 1000 | G93: 49 | H93: 40 | I93: 94940000 | J93: 901.043 | N93: Partie attribuée de l'impôt sur les personnes physiques - recettes d'additionnels sous réductions des dépenses fiscales liées | O93: 2.6287165e+09 | P93: 2.684427e+09 | Q93: 3.2852335e+09 | R93: 3.5181945e+09 | S93: 3.5682437e+09 | T93: 3672124 | U93: =V93-T93 -> -3672124 | X93: =G93&"."&H93 -> 49.40 | Y93: =COUNTIF('Codes SEC'!$B$2:$F$460,X93)>0 -> TRUE
A94: DO | B94: F | C94: 1 | D94: 2 | E94: 19 | F94: 1000 | G94: 49 | H94: 40 | I94: 94940000 | J94: 901.044 | N94: Dégrèvements fiscaux | O94: 0 | P94: 0 | Q94: 0 | R94: 0 | S94: 0 | T94: 0 | U94: =V94-T94 -> 0 | X94: =G94&"."&H94 -> 49.40 | Y94: =COUNTIF('Codes SEC'!$B$2:$F$460,X94)>0 -> TRUE
A95: DO | B95: F | C95: 1 | D95: 2 | E95: 19 | F95: 1000 | G95: 49 | H95: 40 | I95: 94940000 | J95: 901.045 | N95: Recettes des amendes routières | O95: 43950000 | P95: 43950000 | Q95: 56950000 | R95: 56950000 | S95: 56950000 | T95: 56950 | U95: =V95-T95 -> -56950 | X95: =G95&"."&H95 -> 49.40 | Y95: =COUNTIF('Codes SEC'!$B$2:$F$460,X95)>0 -> TRUE
A96: DO | B96: F | C96: 1 | D96: 2 | E96: 19 | F96: 1000 | G96: 49 | H96: 40 | I96: 94940000 | J96: 901.188 | N96: Transferts de revenu en provenance du pouvoir Fédéral | P96: 93872691 | Q96: 0 | R96: 586952.56 | S96: 490.38 | T96: 0 | U96: =V96-T96 -> 0 | X96: =G96&"."&H96 -> 49.40 | Y96: =COUNTIF('Codes SEC'!$B$2:$F$460,X96)>0 -> TRUE
A97: DO | C97: 1 | D97: 3 | E97: 09 | F97: 1000 | G97: 46 | H97: 40 | I97: 94640000 | J97: 901.176 | N97: (Supprimé) Transferts de revenus des organismes administratifs publics - IWEPS | P97: 0 | Q97: 0 | R97: 3000000 | S97: 0 | T97: 0 | U97: =V97-T97 -> 0 | X97: =G97&"."&H97 -> 46.40 | Y97: =COUNTIF('Codes SEC'!$B$2:$F$460,X97)>0 -> TRUE
A98: DO | C98: 1 | D98: 3 | E98: 09 | F98: 1000 | G98: 46 | H98: 40 | I98: 94640000 | J98: 901.273 | N98: (Supprimé) Transferts de revenus à l'intérieur d'un groupe institutionnel - WBI | R98: 0 | S98: 110793.45 | T98: 0 | U98: =V98-T98 -> 0
A99: DO | B99: F | C99: 1 | D99: 3 | E99: 19 | F99: 1000 | G99: 21 | H99: 10 | I99: 92110000 | J99: 901.047 | N99: Remboursement des versements provisionnels excédentaires des intérêts de la dette | O99: 0 | P99: 0 | Q99: 0 | R99: 0 | S99: 0 | T99: 0 | U99: =V99-T99 -> 0 | X99: =G99&"."&H99 -> 21.10 | Y99: =COUNTIF('Codes SEC'!$B$2:$F$460,X99)>0 -> TRUE
A100: DO | B100: F | C100: 1 | D100: 3 | E100: 19 | F100: 1000 | G100: 46 | H100: 30 | I100: 94630000 | J100: 901.278 | K100: oui | L100: 2025 | M100: 45708 | N100: Opérations de Trésorerie SACA | S100: 3000000 | T100: 20000 | U100: =V100-T100 -> -20000 | X100: =G100&"."&H100 -> 46.30 | Y100: =COUNTIF('Codes SEC'!$B$2:$F$460,X100)>0 -> TRUE
A101: DO | B101: F | C101: 1 | D101: 3 | E101: 19 | F101: 1000 | G101: 46 | H101: 40 | I101: 94640000 | J101: 901.279 | K101: oui | L101: 2025 | M101: 45708 | N101: Opérations de Trésorerie UAP | S101: 704269000 | T101: 420700 | U101: =V101-T101 -> -420700 | X101: =G101&"."&H101 -> 46.40 | Y101: =COUNTIF('Codes SEC'!$B$2:$F$460,X101)>0 -> TRUE
A102: DO | B102: F | C102: 2 | D102: 1 | E102: 19 | F102: 1000 | G102: 56 | H102: 50 | I102: 95650000 | J102: 901.093 | N102: Droits de succession et de mutation par décès | O102: 8.5326701e+08 | P102: 8.3083614e+08 | Q102: 7.5399418e+08 | R102: 7.987831e+08 | S102: 8.2661222e+08 | T102: 857712 | U102: =V102-T102 -> -857712 | X102: =G102&"."&H102 -> 56.50 | Y102: =COUNTIF('Codes SEC'!$B$2:$F$460,X102)>0 -> TRUE
A103: DO | B103: SG | C103: 2 | D103: 2 | E103: 10 | F103: 1000 | G103: 59 | H103: 11 | I103: 95911000 | J103: 901.185 | N103: Transferts en capital dans le cadre de la Facilité pour la relance et la résilience européenne (FRR) | P103: 0 | Q103: 0 | R103: 0 | S103: 0 | T103: 417191 | U103: =V103-T103 -> -417191 | X103: =G103&"."&H103 -> 59.11 | Y103: =COUNTIF('Codes SEC'!$B$2:$F$460,X103)>0 -> TRUE
A104: DO | B104: SG | C104: 2 | D104: 2 | E104: 10 | F104: 1000 | G104: 59 | H104: 11 | I104: 95911000 | J104: 901.206 | N104: Fonds de solidarité de l'Union européenne | P104: 4911000 | Q104: 83257179 | R104: 0 | S104: 0 | T104: 0 | U104: =V104-T104 -> 0 | X104: =G104&"."&H104 -> 59.11 | Y104: =COUNTIF('Codes SEC'!$B$2:$F$460,X104)>0 -> TRUE
...

Sheet Décret
F2: Budget initial des recettes de la Région wallonne pour l'année budgétaire 2027
G3: (en milliers EUR)
B5: Ancien n° AB | D5: Nouveaux n° AB | G5: Estimations initiales
A6: Ministre ordonnateur | B6: Article | D6: Compte budgétaire | E6: Domaine Fonctionnel | F6: DESIGNATION DES PRODUITS | G6: Budget initial 2027
G7: Par article | H7: Total
F10: TITRE I - RECETTES COURANTES
F13: Secteur I - Recettes fiscales
F15: Recettes fiscales spécifiques - Division organique 15 Agriculture, ressources naturelles et environnement
A18: ='GLOBAL Ministres '!A282 -> CO | B18: ='GLOBAL Ministres '!G282 -> 16 | C18: ='GLOBAL Ministres '!H282 -> 11 | D18: ='GLOBAL Ministres '!I282 -> 91611000 | E18: ='GLOBAL Ministres '!J282 -> 902.010 | F18: ='GLOBAL Ministres '!N282 -> Taxes sur le déversement des eaux usées, sur les charges environnementales et sur les prélèvements d'eau souterraine potabilisable, redevances et contributions de prélèvement sur les prises d'eau perçues en vertu du Code de l'eau - Frais à refacturer (recettes affectées au Fonds pour la protection de l'Environnement, section protection des eaux : AB 075.001, programme 15.075, division organique 15) | G18: ='GLOBAL Ministres '!V282 -> 0
A19: ='GLOBAL Ministres '!A283 -> CO | B19: ='GLOBAL Ministres '!G283 -> 16 | C19: ='GLOBAL Ministres '!H283 -> 11 | D19: ='GLOBAL Ministres '!I283 -> 91611000 | E19: ='GLOBAL Ministres '!J283 -> 903.014 | F19: ='GLOBAL Ministres '!N283 -> Taxes et redevances perçues en matière de déchets en vertu du décret du 22 mars 2007, y compris une taxe sur la co-incinération - Frais à refacturer (recettes affectées au Fonds pour la gestion des déchets : AB 077.001, programme 15.077, division organique 15) | G19: ='GLOBAL Ministres '!V283 -> 0
A20: ='GLOBAL Ministres '!A284 -> CO | B20: ='GLOBAL Ministres '!G284 -> 26 | C20: ='GLOBAL Ministres '!H284 -> 10 | D20: ='GLOBAL Ministres '!I284 -> 92610000 | E20: ='GLOBAL Ministres '!J284 -> 902.011 | F20: ='GLOBAL Ministres '!N284 -> Taxes sur le déversement des eaux usées, sur les charges environnementales et sur les prélèvements d'eau souterraine potabilisable, redevances et contributions de prélèvement sur les prises d'eau perçues en vertu du Code de l'eau - Intérêts de créances fiscales (recettes affectées au Fonds pour la protection de l'Environnement, section protection des eaux : AB 075.001, programme 15.075, division organique 15) | G20: ='GLOBAL Ministres '!V284 -> 0
A21: ='GLOBAL Ministres '!A285 -> CO | B21: ='GLOBAL Ministres '!G285 -> 26 | C21: ='GLOBAL Ministres '!H285 -> 10 | D21: ='GLOBAL Ministres '!I285 -> 92610000 | E21: ='GLOBAL Ministres '!J285 -> 903.015 | F21: ='GLOBAL Ministres '!N285 -> Taxes et redevances perçues en matière de déchets en vertu du décret du 22 mars 2007, y compris une taxe sur la co-incinération - Intérêts de créances fiscales (recettes affectées au Fonds pour la gestion des déchets : AB 077.001, programme 15.077, division organique 15) | G21: ='GLOBAL Ministres '!V285 -> 0
A22: ='GLOBAL Ministres '!A286 -> CO | B22: ='GLOBAL Ministres '!G286 -> 36 | C22: ='GLOBAL Ministres '!H286 -> 70 | D22: ='GLOBAL Ministres '!I286 -> 93670000 | E22: ='GLOBAL Ministres '!J286 -> 902.001 | F22: ='GLOBAL Ministres '!N286 -> Taxes sur le déversement des eaux usées, sur les charges environnementales et sur les prélèvements d'eau souterraine potabilisable, redevances et contributions de prélèvement sur les prises d'eau perçues en vertu du Code de l'eau (recettes affectées au Fonds pour la protection de l'Environnement, section protection des eaux : AB 075.001, programme 15.075, division organique 15) | G22: ='GLOBAL Ministres '!V286 -> 0
A23: ='GLOBAL Ministres '!A287 -> CO | B23: ='GLOBAL Ministres '!G287 -> 36 | C23: ='GLOBAL Ministres '!H287 -> 70 | D23: ='GLOBAL Ministres '!I287 -> 93670000 | E23: ='GLOBAL Ministres '!J287 -> 902.002 | F23: ='GLOBAL Ministres '!N287 -> Taxes et redevances perçues en vertu du décret du 11 mars 1999 relatif au permis d'environnement et de l'arrêté du Gouvernement wallon du 4 juillet 2002 relatif à la procédure et à diverses mesures d’exécution du décret du 11 mars 1999 relatif au permis d’environnement (recettes affectées au Fonds pour la protection de l'Environnement : AB 075.001, programme 15.075, division organique 15) | G23: ='GLOBAL Ministres '!V287 -> 0
A24: ='GLOBAL Ministres '!A288 -> CO | B24: ='GLOBAL Ministres '!G288 -> 36 | C24: ='GLOBAL Ministres '!H288 -> 70 | D24: ='GLOBAL Ministres '!I288 -> 93670000 | E24: ='GLOBAL Ministres '!J288 -> 903.001 | F24: ='GLOBAL Ministres '!N288 -> Taxes et redevances perçues en matière de déchets en vertu du décret du 22 mars 2007, y compris une taxe sur la co-incinération - Taxes sur les déchets (recettes affectées au Fonds pour la gestion des déchets : AB 077.001, programme 15.077, division organique 15) | G24: ='GLOBAL Ministres '!V288 -> 0
A25: ='GLOBAL Ministres '!A289 -> CO | B25: ='GLOBAL Ministres '!G289 -> 36 | C25: ='GLOBAL Ministres '!H289 -> 70 | D25: ='GLOBAL Ministres '!I289 -> 93670000 | E25: ='GLOBAL Ministres '!J289 -> 903.002 | F25: ='GLOBAL Ministres '!N289 -> Participations des organismes exécutant des obligations de reprise dans le cadre de la gestion des déchets (recettes affectées au Fonds pour la gestion des déchets : AB 077.001, programme 15.077, division organique 15) | G25: ='GLOBAL Ministres '!V289 -> 0
A26: ='GLOBAL Ministres '!A290 -> CO | B26: ='GLOBAL Ministres '!G290 -> 38 | C26: ='GLOBAL Ministres '!H290 -> 10 | D26: ='GLOBAL Ministres '!I290 -> 93810000 | E26: ='GLOBAL Ministres '!J290 -> 902.012 | F26: ='GLOBAL Ministres '!N290 -> Taxes sur le déversement des eaux usées, sur les charges environnementales et sur les prélèvements d'eau souterraine potabilisable, redevances et contributions de prélèvement sur les prises d'eau perçues en vertu du Code de l'eau - Amendes aux entreprises (recettes affectées au Fonds pour la protection de l'Environnement, section protection des eaux : AB 075.001, programme 15.075, division organique 15) | G26: ='GLOBAL Ministres '!V290 -> 0
A27: ='GLOBAL Ministres '!A291 -> CO | B27: ='GLOBAL Ministres '!G291 -> 38 | C27: ='GLOBAL Ministres '!H291 -> 10 | D27: ='GLOBAL Ministres '!I291 -> 93810000 | E27: ='GLOBAL Ministres '!J291 -> 903.012 | F27: ='GLOBAL Ministres '!N291 -> Taxes et redevances perçues en matière de déchets en vertu du décret du 22 mars 2007, y compris une taxe sur la co-incinération - Amendes aux entreprises (recettes affectées au Fonds pour la gestion des déchets : AB 077.001, programme 15.077, division organique 15) | G27: ='GLOBAL Ministres '!V291 -> 0
A28: ='GLOBAL Ministres '!A309 -> CO | B28: ='GLOBAL Ministres '!G309 -> 38 | C28: ='GLOBAL Ministres '!H309 -> 50 | D28: ='GLOBAL Ministres '!I309 -> 93850000 | E28: ='GLOBAL Ministres '!J309 -> 902.003 | F28: ='GLOBAL Ministres '!N309 -> Sommes perçues en vertu du décret du 6 mai 2019 relatif à la délinquance environnementale - Ménages (recettes affectées au Fonds pour la protection de l'Environnement : AB 075.001, programme 15.075, division organique 15) | G28: ='GLOBAL Ministres '!V309 -> 0
F30: Total Division organique 15 | H30: =SUM(G18:G28) -> 0
F31: Dont recettes affectées | H31: =G18+G19+G20+G21+G22+G23+G24+G25+G26+G27+G28 -> 0
F33: Recettes fiscales spécifiques - Division organique 16 Aménagement du territoire, logement, patrimoine et énergie
A35: ='GLOBAL Ministres '!A163 -> DE | B35: ='GLOBAL Ministres '!G163 -> 26 | C35: ='GLOBAL Ministres '!H163 -> 10 | D35: ='GLOBAL Ministres '!I163 -> 92610000 | E35: ='GLOBAL Ministres '!J163 -> 901.265 | F35: ='GLOBAL Ministres '!N163 -> Taxes sur les sites d’activité économique désaffectés - Intérêts de créances fiscales | G35: ='GLOBAL Ministres '!V163 -> 0
F37: Total Division organique 16 | H37: =G35 -> 0
F38: Dont recettes affectées | H38: 0
F40: Recettes fiscales générales - Division organique 19 Finances
A42: ='GLOBAL Ministres '!A9 -> DO | B42: ='GLOBAL Ministres '!G9 -> 16 | C42: ='GLOBAL Ministres '!H9 -> 11 | D42: ='GLOBAL Ministres '!I9 -> 91611000 | E42: ='GLOBAL Ministres '!J9 -> 901.276 | F42: ='GLOBAL Ministres '!N9 -> Taxes - frais à refacturer aux entreprises | G42: ='GLOBAL Ministres '!V9 -> 0
A43: ='GLOBAL Ministres '!A10 -> DO | B43: ='GLOBAL Ministres '!G10 -> 16 | C43: ='GLOBAL Ministres '!H10 -> 12 | D43: ='GLOBAL Ministres '!I10 -> 91612000 | E43: ='GLOBAL Ministres '!J10 -> 901.277 | F43: ='GLOBAL Ministres '!N10 -> Taxes - frais à refacturer aux ménages | G43: ='GLOBAL Ministres '!V10 -> 0
A44: ='GLOBAL Ministres '!A11 -> DO | B44: ='GLOBAL Ministres '!G11 -> 26 | C44: ='GLOBAL Ministres '!H11 -> 10 | D44: ='GLOBAL Ministres '!I11 -> 92610000 | E44: ='GLOBAL Ministres '!J11 -> 901.220 | F44: ='GLOBAL Ministres '!N11 -> Intérêts de créances fiscales | G44: ='GLOBAL Ministres '!V11 -> 0
A45: ='GLOBAL Ministres '!A12 -> DO | B45: ='GLOBAL Ministres '!G12 -> 36 | C45: ='GLOBAL Ministres '!H12 -> 40 | D45: ='GLOBAL Ministres '!I12 -> 93640000 | E45: ='GLOBAL Ministres '!J12 -> 901.002 | F45: ='GLOBAL Ministres '!N12 -> Droits d'enregistrement sur les transmissions à titre onéreux de biens immeubles | G45: ='GLOBAL Ministres '!V12 -> 0
A46: ='GLOBAL Ministres '!A13 -> DO | B46: ='GLOBAL Ministres '!G13 -> 36 | C46: ='GLOBAL Ministres '!H13 -> 40 | D46: ='GLOBAL Ministres '!I13 -> 93640000 | E46: ='GLOBAL Ministres '!J13 -> 901.003 | F46: ='GLOBAL Ministres '!N13 -> Droits d'enregistrement sur la constitution d'une hypothèque sur un bien immeuble situé en Belgique | G46: ='GLOBAL Ministres '!V13 -> 0
A47: ='GLOBAL Ministres '!A14 -> DO | B47: ='GLOBAL Ministres '!G14 -> 36 | C47: ='GLOBAL Ministres '!H14 -> 40 | D47: ='GLOBAL Ministres '!I14 -> 93640000 | E47: ='GLOBAL Ministres '!J14 -> 901.004 | F47: ='GLOBAL Ministres '!N14 -> Droits d'enregistrement sur les partages partiels ou totaux de biens immeubles situés en Belgique, les cessions à titre onéreux entre copropriétaires, de parties indivises de tels biens | G47: ='GLOBAL Ministres '!V14 -> 0
A48: ='GLOBAL Ministres '!A15 -> DO | B48: ='GLOBAL Ministres '!G15 -> 36 | C48: ='GLOBAL Ministres '!H15 -> 40 | D48: ='GLOBAL Ministres '!I15 -> 93640000 | E48: ='GLOBAL Ministres '!J15 -> 901.005 | F48: ='GLOBAL Ministres '!N15 -> Droits d'enregistrement sur les donations entre vifs de biens meubles ou immeubles | G48: ='GLOBAL Ministres '!V15 -> 0
A49: ='GLOBAL Ministres '!A167 -> DE | B49: ='GLOBAL Ministres '!G167 -> 36 | C49: ='GLOBAL Ministres '!H167 -> 60 | D49: ='GLOBAL Ministres '!I167 -> 93660000 | E49: ='GLOBAL Ministres '!J167 -> 901.006 | F49: ='GLOBAL Ministres '!N167 -> Taxe de circulation sur les véhicules automobiles | G49: ='GLOBAL Ministres '!V167 -> 0
A50: ='GLOBAL Ministres '!A168 -> DE | B50: ='GLOBAL Ministres '!G168 -> 36 | C50: ='GLOBAL Ministres '!H168 -> 60 | D50: ='GLOBAL Ministres '!I168 -> 93660000 | E50: ='GLOBAL Ministres '!J168 -> 901.007 | F50: ='GLOBAL Ministres '!N168 -> Taxe de mise en circulation (y compris eco-malus) | G50: ='GLOBAL Ministres '!V168 -> 0
A51: ='GLOBAL Ministres '!A16 -> DO | B51: ='GLOBAL Ministres '!G16 -> 36 | C51: ='GLOBAL Ministres '!H16 -> 80 | D51: ='GLOBAL Ministres '!I16 -> 93680000 | E51: ='GLOBAL Ministres '!J16 -> 901.008 | F51: ='GLOBAL Ministres '!N16 -> Taxes sur les logements abandonnés | G51: ='GLOBAL Ministres '!V16 -> 0
A52: ='GLOBAL Ministres '!A17 -> DO | B52: ='GLOBAL Ministres '!G17 -> 36 | C52: ='GLOBAL Ministres '!H17 -> 90 | D52: ='GLOBAL Ministres '!I17 -> 93690000 | E52: ='GLOBAL Ministres '!J17 -> 901.009 | F52: ='GLOBAL Ministres '!N17 -> Taxe sur les jeux et paris | G52: ='GLOBAL Ministres '!V17 -> 0
A53: ='GLOBAL Ministres '!A18 -> DO | B53: ='GLOBAL Ministres '!G18 -> 36 | C53: ='GLOBAL Ministres '!H18 -> 90 | D53: ='GLOBAL Ministres '!I18 -> 93690000 | E53: ='GLOBAL Ministres '!J18 -> 901.010 | F53: ='GLOBAL Ministres '!N18 -> Taxe sur les appareils automatiques de divertissement | G53: ='GLOBAL Ministres '!V18 -> 0
A54: ='GLOBAL Ministres '!A19 -> DO | B54: ='GLOBAL Ministres '!G19 -> 36 | C54: ='GLOBAL Ministres '!H19 -> 90 | D54: ='GLOBAL Ministres '!I19 -> 93690000 | E54: ='GLOBAL Ministres '!J19 -> 901.011 | F54: ='GLOBAL Ministres '!N19 -> Taxe d'ouverture des débits de boissons fermentées | G54: ='GLOBAL Ministres '!V19 -> 0
A55: ='GLOBAL Ministres '!A20 -> DO | B55: ='GLOBAL Ministres '!G20 -> 36 | C55: ='GLOBAL Ministres '!H20 -> 90 | D55: ='GLOBAL Ministres '!I20 -> 93690000 | E55: ='GLOBAL Ministres '!J20 -> 901.012 | F55: ='GLOBAL Ministres '!N20 -> Redevance radio et télévision | G55: ='GLOBAL Ministres '!V20 -> 0
A56: ='GLOBAL Ministres '!A21 -> DO | B56: ='GLOBAL Ministres '!G21 -> 36 | C56: ='GLOBAL Ministres '!H21 -> 90 | D56: ='GLOBAL Ministres '!I21 -> 93690000 | E56: ='GLOBAL Ministres '!J21 -> 901.013 | F56: ='GLOBAL Ministres '!N21 -> Taxes sur les automates | G56: ='GLOBAL Ministres '!V21 -> 0
A57: ='GLOBAL Ministres '!A165 -> DE | B57: ='GLOBAL Ministres '!G165 -> 36 | C57: ='GLOBAL Ministres '!H165 -> 90 | D57: ='GLOBAL Ministres '!I165 -> 93690000 | E57: ='GLOBAL Ministres '!J165 -> 901.252 | F57: ='GLOBAL Ministres '!N165 -> Taxes sur les sites d’activité économique désaffectés | G57: ='GLOBAL Ministres '!V165 -> 0
A58: ='GLOBAL Ministres '!A22 -> DO | B58: ='GLOBAL Ministres '!G22 -> 37 | C58: ='GLOBAL Ministres '!H22 -> 20 | D58: ='GLOBAL Ministres '!I22 -> 93720000 | E58: ='GLOBAL Ministres '!J22 -> 901.014 | F58: ='GLOBAL Ministres '!N22 -> Précompte immobilier | G58: ='GLOBAL Ministres '!V22 -> 0
A59: ='GLOBAL Ministres '!A23 -> DO | B59: ='GLOBAL Ministres '!G23 -> 38 | C59: ='GLOBAL Ministres '!H23 -> 50 | D59: ='GLOBAL Ministres '!I23 -> 93850000 | E59: ='GLOBAL Ministres '!J23 -> 901.015 | F59: ='GLOBAL Ministres '!N23 -> Amendes aux ménages relatives aux taxes et impôts régionaux | G59: ='GLOBAL Ministres '!V23 -> 0
F61: Total Division organique 19 | H61: =SUM(G42:G59) -> 0
F62: Dont recettes affectées | H62: 0
F64: Total Secteur I | H64: =H30+H37+H61 -> 0
F65: Dont recettes affectées | H65: =H31+H38+H62 -> 0
F68: Secteur II - Recettes générales non fiscales
F70: Recettes générales - Division organique 10 Secrétariat général
A72: ='GLOBAL Ministres '!A24 -> DO | B72: ='GLOBAL Ministres '!G24 -> 16 | C72: ='GLOBAL Ministres '!H24 -> 11 | D72: ='GLOBAL Ministres '!I24 -> 91611000 | E72: ='GLOBAL Ministres '!J24 -> 901.127 | F72: ='GLOBAL Ministres '!N24 -> Ventes de biens non durables et de services par le secteur des administrations publiques aux entreprises, institutions de crédit, sociétés d’assurance - Cofinancements européens | G72: ='GLOBAL Ministres '!V24 -> 0
A73: ='GLOBAL Ministres '!A25 -> DO | B73: ='GLOBAL Ministres '!G25 -> 16 | C73: ='GLOBAL Ministres '!H25 -> 12 | D73: ='GLOBAL Ministres '!I25 -> 91612000 | E73: ='GLOBAL Ministres '!J25 -> 901.017 | F73: ='GLOBAL Ministres '!N25 -> Produit d'études et vente de publications dans le domaine des statistiques | G73: ='GLOBAL Ministres '!V25 -> 0
A74: ='GLOBAL Ministres '!A26 -> DO | B74: ='GLOBAL Ministres '!G26 -> 16 | C74: ='GLOBAL Ministres '!H26 -> 12 | D74: ='GLOBAL Ministres '!I26 -> 91612000 | E74: ='GLOBAL Ministres '!J26 -> 901.018 | F74: ='GLOBAL Ministres '!N26 -> Frais d'inscription à des manifestations organisées par la Région | G74: ='GLOBAL Ministres '!V26 -> 0
A75: ='GLOBAL Ministres '!A27 -> DO | B75: ='GLOBAL Ministres '!G27 -> 16 | C75: ='GLOBAL Ministres '!H27 -> 12 | D75: ='GLOBAL Ministres '!I27 -> 91612000 | E75: ='GLOBAL Ministres '!J27 -> 901.128 | F75: ='GLOBAL Ministres '!N27 -> Ventes de biens non durables et de services par le secteur des administrations publiques aux ménages et ASBL au service des ménages - Cofinancements européens | G75: ='GLOBAL Ministres '!V27 -> 0
A76: ='GLOBAL Ministres '!A28 -> DO | B76: ='GLOBAL Ministres '!G28 -> 16 | C76: ='GLOBAL Ministres '!H28 -> 20 | D76: ='GLOBAL Ministres '!I28 -> 91620000 | E76: ='GLOBAL Ministres '!J28 -> 901.129 | F76: ='GLOBAL Ministres '!N28 -> Ventes de biens non durables et de services d’une unité du secteur public à une autre unité du secteur public - Cofinancements européens | G76: ='GLOBAL Ministres '!V28 -> 0
A77: ='GLOBAL Ministres '!A29 -> DO | B77: ='GLOBAL Ministres '!G29 -> 39 | C77: ='GLOBAL Ministres '!H29 -> 10 | D77: ='GLOBAL Ministres '!I29 -> 93910000 | E77: ='GLOBAL Ministres '!J29 -> 901.177 | F77: ='GLOBAL Ministres '!N29 -> Transferts de revenus dans le cadre de dépenses préfinancées par l'entité (FRR) | G77: ='GLOBAL Ministres '!V29 -> 0
A78: ='GLOBAL Ministres '!A31 -> DO | B78: ='GLOBAL Ministres '!G31 -> 49 | C78: ='GLOBAL Ministres '!H31 -> 24 | D78: ='GLOBAL Ministres '!I31 -> 94924000 | E78: ='GLOBAL Ministres '!J31 -> 901.283 | F78: ='GLOBAL Ministres '!N31 -> Recettes en provenance de la Fédération Wallonie-Bruxelles dans le cadre de la loterie nationale | G78: ='GLOBAL Ministres '!V31 -> 0
F80: Total Division organique 10 | H80: =SUM(G72:G78) -> 0
F81: Dont recettes affectées | H81: 0
F83: Recettes générales - Division organique 11 Support : Personnel, affaires juridiques, gestion mobilière et immobilière
A85: ='GLOBAL Ministres '!A332 -> GA | B85: ='GLOBAL Ministres '!G332 -> 11 | C85: ='GLOBAL Ministres '!H332 -> 11 | D85: ='GLOBAL Ministres '!I332 -> 91111000 | E85: ='GLOBAL Ministres '!J332 -> 901.019 | F85: ='GLOBAL Ministres '!N332 -> Remboursements en relation avec les dépenses exposées pour les traitements, allocations et charges sociales des agents du SPW | G85: ='GLOBAL Ministres '!V332 -> 0
A86: ='GLOBAL Ministres '!A333 -> GA | B86: ='GLOBAL Ministres '!G333 -> 11 | C86: ='GLOBAL Ministres '!H333 -> 11 | D86: ='GLOBAL Ministres '!I333 -> 91111000 | E86: ='GLOBAL Ministres '!J333 -> 901.020 | F86: ='GLOBAL Ministres '!N333 -> Remboursement rémunérations cofinancées par l'Europe | G86: ='GLOBAL Ministres '!V333 -> 0
A87: ='GLOBAL Ministres '!A334 -> GA | B87: ='GLOBAL Ministres '!G334 -> 11 | C87: ='GLOBAL Ministres '!H334 -> 11 | D87: ='GLOBAL Ministres '!I334 -> 91111000 | E87: ='GLOBAL Ministres '!J334 -> 901.021 | F87: ='GLOBAL Ministres '!N334 -> Remboursement au SPW des traitements et allocations des Receveurs régionaux | G87: ='GLOBAL Ministres '!V334 -> 0
A88: ='GLOBAL Ministres '!A335 -> GA | B88: ='GLOBAL Ministres '!G335 -> 11 | C88: ='GLOBAL Ministres '!H335 -> 40 | D88: ='GLOBAL Ministres '!I335 -> 91140000 | E88: ='GLOBAL Ministres '!J335 -> 901.022 | F88: ='GLOBAL Ministres '!N335 -> Cotisation du personnel du SPW à l'achat de titres-repas | G88: ='GLOBAL Ministres '!V335 -> 0
A89: ='GLOBAL Ministres '!A336 -> GA | B89: ='GLOBAL Ministres '!G336 -> 12 | C89: ='GLOBAL Ministres '!H336 -> 11 | D89: ='GLOBAL Ministres '!I336 -> 91211000 | E89: ='GLOBAL Ministres '!J336 -> 901.023 | F89: ='GLOBAL Ministres '!N336 -> Remboursements dans le cadre des activités des Gouvernements provinciaux | G89: ='GLOBAL Ministres '!V336 -> 0
A90: ='GLOBAL Ministres '!A338 -> GA | B90: ='GLOBAL Ministres '!G338 -> 16 | C90: ='GLOBAL Ministres '!H338 -> 12 | D90: ='GLOBAL Ministres '!I338 -> 91612000 | E90: ='GLOBAL Ministres '!J338 -> 901.029 | F90: ='GLOBAL Ministres '!N338 -> Produit de la vente de biens non durables et de services | G90: ='GLOBAL Ministres '!V338 -> 0
A91: ='GLOBAL Ministres '!A340 -> GA | B91: ='GLOBAL Ministres '!G340 -> 16 | C91: ='GLOBAL Ministres '!H340 -> 12 | D91: ='GLOBAL Ministres '!I340 -> 91612000 | E91: ='GLOBAL Ministres '!J340 -> 901.031 | F91: ='GLOBAL Ministres '!N340 -> Produits de la location de biens non spécifiques | G91: ='GLOBAL Ministres '!V340 -> 0
A92: ='GLOBAL Ministres '!A341 -> GA | B92: ='GLOBAL Ministres '!G341 -> 38 | C92: ='GLOBAL Ministres '!H341 -> 10 | D92: ='GLOBAL Ministres '!I341 -> 93810000 | E92: ='GLOBAL Ministres '!J341 -> 901.208 | F92: ='GLOBAL Ministres '!N341 -> Amendes et pénalités perçues dans le cadre de l’exécution des marchés publics | G92: ='GLOBAL Ministres '!V341 -> 0
A93: ='GLOBAL Ministres '!A342 -> GA | B93: ='GLOBAL Ministres '!G342 -> 38 | C93: ='GLOBAL Ministres '!H342 -> 30 | D93: ='GLOBAL Ministres '!I342 -> 93830000 | E93: ='GLOBAL Ministres '!J342 -> 901.196 | F93: ='GLOBAL Ministres '!N342 -> Autres transferts de revenus des entreprises - Sociétés d'assurances | G93: ='GLOBAL Ministres '!V342 -> 0
A94: ='GLOBAL Ministres '!A343 -> GA | B94: ='GLOBAL Ministres '!G343 -> 39 | C94: ='GLOBAL Ministres '!H343 -> 10 | D94: ='GLOBAL Ministres '!I343 -> 93910000 | E94: ='GLOBAL Ministres '!J343 -> 901.282 | F94: ='GLOBAL Ministres '!N343 -> Transferts de revenus des institutions de l'Union Européenne | G94: ='GLOBAL Ministres '!V343 -> 0
F96: Total Division organique 11 | H96: =SUM(G85:G94) -> 0
F97: Dont recettes affectées | H97: 0
F99: Recettes générales - Division organique 12 Digital
A101: ='GLOBAL Ministres '!A344 -> GA | B101: ='GLOBAL Ministres '!G344 -> 38 | C101: ='GLOBAL Ministres '!H344 -> 30 | D101: ='GLOBAL Ministres '!I344 -> 93830000 | E101: ='GLOBAL Ministres '!J344 -> 901.266 | F101: ='GLOBAL Ministres '!N344 -> Autres transferts de revenus des entreprises - Sociétés d'assurances | G101: ='GLOBAL Ministres '!V344 -> 0
F103: Total Division organique 12 | H103: =SUM(G101) -> 0
F104: Dont recettes affectées | H104: 0
F106: Recettes générales - Division organique 15 Agriculture, ressources naturelles et environnement
A108: ='GLOBAL Ministres '!A32 -> DO | B108: ='GLOBAL Ministres '!G32 -> 16 | C108: ='GLOBAL Ministres '!H32 -> 12 | D108: ='GLOBAL Ministres '!I32 -> 91612000 | E108: ='GLOBAL Ministres '!J32 -> 901.250 | F108: ='GLOBAL Ministres '!N32 -> Prestations pour l'identification et l'enregistrement des chiens et des chats | G108: ='GLOBAL Ministres '!V32 -> 0
A109: ='GLOBAL Ministres '!A33 -> DO | B109: ='GLOBAL Ministres '!G34 -> 38 | C109: ='GLOBAL Ministres '!H34 -> 50 | D109: ='GLOBAL Ministres '!I33 -> 93850000 | E109: ='GLOBAL Ministres '!J33 -> 901.247 | F109: ='GLOBAL Ministres '!N33 -> Redevances liées au bien-être animal | G109: ='GLOBAL Ministres '!V33 -> 0
A110: ='GLOBAL Ministres '!A34 -> DO | B110: ='GLOBAL Ministres '!G35 -> 38 | C110: ='GLOBAL Ministres '!H35 -> 50 | D110: ='GLOBAL Ministres '!I34 -> 93850000 | E110: ='GLOBAL Ministres '!J34 -> 901.248 | F110: ='GLOBAL Ministres '!N34 -> Amendes administratives perçues en application des dispositions de la loi du 14 août 1986 relative à la protection et au Bien-être des animaux et de ses arrêtés d’exécution | G110: ='GLOBAL Ministres '!V34 -> 0
A111: ='GLOBAL Ministres '!A35 -> DO | B111: ='GLOBAL Ministres '!G36 -> 38 | C111: ='GLOBAL Ministres '!H36 -> 50 | D111: ='GLOBAL Ministres '!I35 -> 93850000 | E111: ='GLOBAL Ministres '!J35 -> 901.249 | F111: ='GLOBAL Ministres '!N35 -> Remboursement des frais de saisies dans le cadre du bien-être animal | G111: ='GLOBAL Ministres '!V35 -> 0
A112: ='GLOBAL Ministres '!A36 -> DO | B112: ='GLOBAL Ministres '!G36 -> 38 | C112: ='GLOBAL Ministres '!H36 -> 50 | D112: ='GLOBAL Ministres '!I36 -> 93850000 | E112: ='GLOBAL Ministres '!J36 -> 901.251 | F112: ='GLOBAL Ministres '!N36 -> Divers dons et legs au Fonds du Bien-être animal | G112: ='GLOBAL Ministres '!V36 -> 0
F114: Total Division organique 15 | H114: =SUM(G108:G112) -> 0
F115: Dont recettes affectées | H115: 0
F117: Recettes générales - Division organique 19 Finances
A119: ='GLOBAL Ministres '!A41 -> DO | B119: ='GLOBAL Ministres '!G41 -> 8 | C119: ='GLOBAL Ministres '!H41 -> 20 | D119: ='GLOBAL Ministres '!I41 -> 90820001 | E119: ='GLOBAL Ministres '!J41 -> 901.259 | F119: ='GLOBAL Ministres '!N41 -> Dettes prescrites fournisseurs | G119: ='GLOBAL Ministres '!V41 -> 0
A120: ='GLOBAL Ministres '!A42 -> DO | B120: ='GLOBAL Ministres '!G42 -> 11 | C120: ='GLOBAL Ministres '!H42 -> 11 | D120: ='GLOBAL Ministres '!I42 -> 91111000 | E120: ='GLOBAL Ministres '!J42 -> 901.026 | F120: ='GLOBAL Ministres '!N42 -> Recettes relatives au personnel FWB de la nouvelle CIF | G120: ='GLOBAL Ministres '!V42 -> 0
A121: ='GLOBAL Ministres '!A43 -> DO | B121: ='GLOBAL Ministres '!G43 -> 11 | C121: ='GLOBAL Ministres '!H43 -> 20 | D121: ='GLOBAL Ministres '!I43 -> 91120000 | E121: ='GLOBAL Ministres '!J43 -> 901.229 | F121: ='GLOBAL Ministres '!N43 -> Récupérations de charges sociales | G121: ='GLOBAL Ministres '!V43 -> 0
A122: ='GLOBAL Ministres '!A44 -> DO | B122: ='GLOBAL Ministres '!G44 -> 11 | C122: ='GLOBAL Ministres '!H44 -> 31 | D122: ='GLOBAL Ministres '!I44 -> 91131000 | E122: ='GLOBAL Ministres '!J44 -> 901.257 | F122: ='GLOBAL Ministres '!N44 -> Récupérations d'allocations sociales directes | G122: ='GLOBAL Ministres '!V44 -> 0
A123: ='GLOBAL Ministres '!A46 -> DO | B123: ='GLOBAL Ministres '!G46 -> 12 | C123: ='GLOBAL Ministres '!H46 -> 11 | D123: ='GLOBAL Ministres '!I46 -> 91211000 | E123: ='GLOBAL Ministres '!J46 -> 901.153 | F123: ='GLOBAL Ministres '!N46 -> Produits divers - Récupérations | G123: ='GLOBAL Ministres '!V46 -> 0
A124: ='GLOBAL Ministres '!A47 -> DO | B124: ='GLOBAL Ministres '!G47 -> 12 | C124: ='GLOBAL Ministres '!H47 -> 21 | D124: ='GLOBAL Ministres '!I47 -> 91221000 | E124: ='GLOBAL Ministres '!J47 -> 901.195 | F124: ='GLOBAL Ministres '!N47 -> Récupérations en provenance du secteur des administrations publiques | G124: ='GLOBAL Ministres '!V47 -> 0
A125: ='GLOBAL Ministres '!A48 -> DO | B125: ='GLOBAL Ministres '!G48 -> 14 | C125: ='GLOBAL Ministres '!H48 -> 10 | D125: ='GLOBAL Ministres '!I48 -> 91410000 | E125: ='GLOBAL Ministres '!J48 -> 901.230 | F125: ='GLOBAL Ministres '!N48 -> Récupérations dans le cadre de réparations et d'entretiens de travaux routiers et hydrauliques | G125: ='GLOBAL Ministres '!V48 -> 0
A126: ='GLOBAL Ministres '!A49 -> DO | B126: ='GLOBAL Ministres '!G49 -> 16 | C126: ='GLOBAL Ministres '!H49 -> 11 | D126: ='GLOBAL Ministres '!I49 -> 91611000 | E126: ='GLOBAL Ministres '!J49 -> 901.155 | F126: ='GLOBAL Ministres '!N49 -> Produits divers - Ventes de biens non durables et des services aux entreprises | G126: ='GLOBAL Ministres '!V49 -> 0
A127: ='GLOBAL Ministres '!A50 -> DO | B127: ='GLOBAL Ministres '!G50 -> 16 | C127: ='GLOBAL Ministres '!H50 -> 11 | D127: ='GLOBAL Ministres '!I50 -> 91611000 | E127: ='GLOBAL Ministres '!J50 -> 901.197 | F127: ='GLOBAL Ministres '!N50 -> Produits divers - Vente en seconde main de petit matériel aux entreprises | G127: ='GLOBAL Ministres '!V50 -> 0
A128: ='GLOBAL Ministres '!A52 -> DO | B128: ='GLOBAL Ministres '!G52 -> 16 | C128: ='GLOBAL Ministres '!H52 -> 12 | D128: ='GLOBAL Ministres '!I52 -> 91612000 | E128: ='GLOBAL Ministres '!J52 -> 901.154 | F128: ='GLOBAL Ministres '!N52 -> Produits divers - Ventes de biens non durables et des services aux ASBL au service des ménages | G128: ='GLOBAL Ministres '!V52 -> 0
A129: ='GLOBAL Ministres '!A53 -> DO | B129: ='GLOBAL Ministres '!G53 -> 16 | C129: ='GLOBAL Ministres '!H53 -> 20 | D129: ='GLOBAL Ministres '!I53 -> 91620000 | E129: ='GLOBAL Ministres '!J53 -> 901.156 | F129: ='GLOBAL Ministres '!N53 -> Produits divers - Ventes de biens non durables et des services à l'intérieur du secteur des administrations publiques | G129: ='GLOBAL Ministres '!V53 -> 0
A130: ='GLOBAL Ministres '!A54 -> DO | B130: ='GLOBAL Ministres '!G54 -> 21 | C130: ='GLOBAL Ministres '!H54 -> 10 | D130: ='GLOBAL Ministres '!I54 -> 92110000 | E130: ='GLOBAL Ministres '!J54 -> 901.032 | F130: ='GLOBAL Ministres '!N54 -> Produit des opérations d'excédents d'émissions d'emprunts | G130: ='GLOBAL Ministres '!V54 -> 0
A131: ='GLOBAL Ministres '!A55 -> DO | B131: ='GLOBAL Ministres '!G55 -> 21 | C131: ='GLOBAL Ministres '!H55 -> 10 | D131: ='GLOBAL Ministres '!I55 -> 92110000 | E131: ='GLOBAL Ministres '!J55 -> 901.231 | F131: ='GLOBAL Ministres '!N55 -> Récupérations de charges d'intérêts autres que la dette publique | G131: ='GLOBAL Ministres '!V55 -> 0
A132: ='GLOBAL Ministres '!A56 -> DO | B132: ='GLOBAL Ministres '!G56 -> 24 | C132: ='GLOBAL Ministres '!H56 -> 10 | D132: ='GLOBAL Ministres '!I56 -> 92410000 | E132: ='GLOBAL Ministres '!J56 -> 901.258 | F132: ='GLOBAL Ministres '!N56 -> Récupérations de locations de terres | G132: ='GLOBAL Ministres '!V56 -> 0
A133: ='GLOBAL Ministres '!A58 -> DO | B133: ='GLOBAL Ministres '!G58 -> 26 | C133: ='GLOBAL Ministres '!H58 -> 10 | D133: ='GLOBAL Ministres '!I58 -> 92610000 | E133: ='GLOBAL Ministres '!J58 -> 901.221 | F133: ='GLOBAL Ministres '!N58 -> Intérêts créditeurs sur les comptes | G133: ='GLOBAL Ministres '!V58 -> 0
...

Sheet Fonds
A1: FONDS SAP
A2: Domaine Fonctionnel Dépenses (3 premières positions) | B2: Domaine Fonctionnel Recettes (3 premières positions) | C2: L2 N° Fonds | D2: N° Fonds | E2: L4 Type de fond | F2: DESCRIPTION
G4: 2025 | H4: Variations | I4: 2026 initial
A5: DF Dép | B5: DF Rec | C5: FONDS BUDGETAIRES (dépenses et recettes affectées) | G5: TOTAL Recettes
A6: 030 | B6: 905 | C6: 41 ou 42 | D6: 2001 | E6: FBUD | F6: (Supprimé) Fonds budgétaire en matière de Loterie | G6: ='GLOBAL Ministres '!T30 -> 0 | H6: ='GLOBAL Ministres '!U30 -> 0
A7: 043 | B7: 925 | D7: 2002 | E7: FBUD | F7: (Supprimé) Fonds budgétaire : Fonds de gestion énergétique immobilière
A8: 050 | B8: 912 | D8: 2003 | E8: FBUD | F8: (Modifié) Fonds budgétaire : FISIR | G8: ='GLOBAL Ministres '!T171+'GLOBAL Ministres '!T172+'GLOBAL Ministres '!T177+'GLOBAL Ministres '!T208+'GLOBAL Ministres '!T209 -> 7140 | H8: ='GLOBAL Ministres '!U171+'GLOBAL Ministres '!U172+'GLOBAL Ministres '!U177+'GLOBAL Ministres '!U208+'GLOBAL Ministres '!U209 -> -7140 | I8: ='GLOBAL Ministres '!V171+'GLOBAL Ministres '!V177+'GLOBAL Ministres '!V179+'GLOBAL Ministres '!V189+'GLOBAL Ministres '!V208+'GLOBAL Ministres '!V209+'GLOBAL Ministres '!V215 -> 0
A9: 051 | B9: 908 | D9: 2004 | E9: FBUD | F9: (Supprimé) Fonds budgétaire : Fonds du trafic fluvial | G9: ='GLOBAL Ministres '!T176+'GLOBAL Ministres '!T202+'GLOBAL Ministres '!T203+'GLOBAL Ministres '!T204+'GLOBAL Ministres '!T205 -> 0 | H9: ='GLOBAL Ministres '!U176+'GLOBAL Ministres '!U202+'GLOBAL Ministres '!U203+'GLOBAL Ministres '!U204+'GLOBAL Ministres '!U205 -> 0
A10: 052 | B10: 910 | D10: 2005 | E10: FBUD | F10: (Supprimé) Fonds budgétaire : Fonds du trafic routier | G10: ='GLOBAL Ministres '!#REF!+'GLOBAL Ministres '!#REF!+'GLOBAL Ministres '!T206+'GLOBAL Ministres '!T207+'GLOBAL Ministres '!T212+'GLOBAL Ministres '!T213+'GLOBAL Ministres '!#REF! -> #REF! | H10: ='GLOBAL Ministres '!#REF!+'GLOBAL Ministres '!#REF!+'GLOBAL Ministres '!U206+'GLOBAL Ministres '!U207+'GLOBAL Ministres '!U212+'GLOBAL Ministres '!U213+'GLOBAL Ministres '!#REF! -> #REF!
A11: 053 | B11: 911 | D11: 2006 | E11: FBUD | F11: (Supprimé) Fonds budgétaire : Fonds des infractions routières régionales | G11: ='GLOBAL Ministres '!T214 -> 0 | H11: ='GLOBAL Ministres '!U214 -> 0
A12: 054 | B12: 907 | D12: 2007 | E12: FBUD | F12: (Supprimé) Fonds budgétaire : Fonds des études techniques | G12: ='GLOBAL Ministres '!T180+'GLOBAL Ministres '!T181+'GLOBAL Ministres '!T182+'GLOBAL Ministres '!T183+'GLOBAL Ministres '!T184+'GLOBAL Ministres '!#REF!+'GLOBAL Ministres '!T185+'GLOBAL Ministres '!#REF!+'GLOBAL Ministres '!T190+'GLOBAL Ministres '!#REF!+'GLOBAL Ministres '!T191+'GLOBAL Ministres '!T192+'GLOBAL Ministres '!#REF!+'GLOBAL Ministres '!T193+'GLOBAL Ministres '!T197 -> #REF! | H12: ='GLOBAL Ministres '!U180+'GLOBAL Ministres '!U181+'GLOBAL Ministres '!U182+'GLOBAL Ministres '!U183+'GLOBAL Ministres '!U184+'GLOBAL Ministres '!#REF!+'GLOBAL Ministres '!U185+'GLOBAL Ministres '!#REF!+'GLOBAL Ministres '!U190+'GLOBAL Ministres '!#REF!+'GLOBAL Ministres '!U191+'GLOBAL Ministres '!U192+'GLOBAL Ministres '!#REF!+'GLOBAL Ministres '!U193+'GLOBAL Ministres '!U197 -> #REF!
A13: 055 | B13: 909 | D13: 2008 | E13: FBUD | F13: (Supprimé) Fonds budgétaire : Fonds pour la promotion et le développement de l'activité hippique
A14: 065 | B14: 919 | D14: 2009 | E14: FBUD | F14: Fonds budgétaire : Fonds pour la qualité des produits animaux et végétaux (décret programme du 18 décembre 2003) | G14: ='GLOBAL Ministres '!T410 -> 750 | H14: ='GLOBAL Ministres '!U410 -> -750 | I14: ='GLOBAL Ministres '!V410 -> 0
A15: 066 | B15: 918 | D15: 2010 | E15: FBUD | F15: (Supprimé) Fonds budgétaire : Fonds en matière de S.I.G.E.C
A16: 067 | B16: 906 | D16: 2011 | E16: FBUD | F16: (Supprimé) Fonds budgétaire : Fonds budgétaire du bien-être animal
A17: 068 | B17: 916 | D17: 2012 | E17: FBUD | F17: Fonds budgétaire : Fonds budgétaire en faveur de la gestion piscicole et halieutique en Wallonie | G17: ='GLOBAL Ministres '!T417 -> 1650 | H17: ='GLOBAL Ministres '!U417 -> -1650 | I17: ='GLOBAL Ministres '!V417 -> 0
A18: 069 | B18: 921 | D18: 2013 | E18: FBUD | F18: Fonds budgétaire : Fonds budgétaire de protection de la biodiversité | G18: ='GLOBAL Ministres '!T439 -> 0 | H18: ='GLOBAL Ministres '!U439 -> 0 | I18: ='GLOBAL Ministres '!V439 -> 0
A19: 070 | B19: 913 | D19: 2014 | E19: FBUD | F19: Fonds budgétaire : Fonds pour la gestion des forêts de l'ancienne "Gruerie d'Arlon" (article 7 de la loi domaniale du 26 juillet 1952) | G19: ='GLOBAL Ministres '!T411+'GLOBAL Ministres '!T423+'GLOBAL Ministres '!T428 -> 333 | H19: ='GLOBAL Ministres '!U411+'GLOBAL Ministres '!U423+'GLOBAL Ministres '!U428 -> -333 | I19: ='GLOBAL Ministres '!V411+'GLOBAL Ministres '!V423+'GLOBAL Ministres '!V428 -> 0
A20: 071 | B20: 914 | D20: 2015 | E20: FBUD | F20: Fonds budgétaire : Fonds pour la gestion de la forêt d'Herbeumont (article 1er, 16, de la domaniale du 1er juillet 1983) | G20: ='GLOBAL Ministres '!T412+'GLOBAL Ministres '!T424+'GLOBAL Ministres '!T429 -> 20 | H20: ='GLOBAL Ministres '!U412+'GLOBAL Ministres '!U424+'GLOBAL Ministres '!U429 -> -20 | I20: ='GLOBAL Ministres '!V412+'GLOBAL Ministres '!V424+'GLOBAL Ministres '!V429 -> 0
A21: 072 | B21: 915 | D21: 2016 | E21: FBUD | F21: Fonds budgétaire : Fonds pour la gestion de la forêt de Saint-Michel-Freyr | G21: ='GLOBAL Ministres '!T415+'GLOBAL Ministres '!T421+'GLOBAL Ministres '!T425+'GLOBAL Ministres '!T430+'GLOBAL Ministres '!T440 -> 112 | H21: ='GLOBAL Ministres '!U415+'GLOBAL Ministres '!U421+'GLOBAL Ministres '!U425+'GLOBAL Ministres '!U430+'GLOBAL Ministres '!U440 -> -112 | I21: ='GLOBAL Ministres '!V415+'GLOBAL Ministres '!V421+'GLOBAL Ministres '!V425+'GLOBAL Ministres '!V430+'GLOBAL Ministres '!V440 -> 0
A22: 073 | B22: 917 | D22: 2017 | E22: FBUD | F22: Fonds budgétaire : Fonds en matière de politique foncière agricole | G22: ='GLOBAL Ministres '!T432+'GLOBAL Ministres '!T437+'GLOBAL Ministres '!T445+'GLOBAL Ministres '!#REF!+'GLOBAL Ministres '!T446+'GLOBAL Ministres '!T447 -> #REF! | H22: ='GLOBAL Ministres '!U432+'GLOBAL Ministres '!U437+'GLOBAL Ministres '!U445+'GLOBAL Ministres '!#REF!+'GLOBAL Ministres '!U446+'GLOBAL Ministres '!U447 -> #REF! | I22: ='GLOBAL Ministres '!V432+'GLOBAL Ministres '!V437+'GLOBAL Ministres '!V445+'GLOBAL Ministres '!#REF!+'GLOBAL Ministres '!V446+'GLOBAL Ministres '!V447 -> #REF!
A23: 074 | B23: 920 | D23: 2018 | E23: FBUD | F23: Fonds budgétaire : Fonds wallon "Kyoto" en matière de qualité de l'air et de changements climatiques | G23: ='GLOBAL Ministres '!T373+'GLOBAL Ministres '!T393 -> 158000 | H23: ='GLOBAL Ministres '!U373+'GLOBAL Ministres '!U393 -> -158000 | I23: ='GLOBAL Ministres '!V373+'GLOBAL Ministres '!V393 -> 0
A24: 075 | B24: 902 | D24: 2019 | E24: FBUD | F24: Fonds budgétaire : Fonds pour la protection de l'environnement | G24: ='GLOBAL Ministres '!T282+'GLOBAL Ministres '!T284+'GLOBAL Ministres '!T286+'GLOBAL Ministres '!T287+'GLOBAL Ministres '!T290+'GLOBAL Ministres '!T293+'GLOBAL Ministres '!T296+'GLOBAL Ministres '!T297+'GLOBAL Ministres '!T302+'GLOBAL Ministres '!T303+'GLOBAL Ministres '!T304+'GLOBAL Ministres '!T308+'GLOBAL Ministres '!T309+'GLOBAL Ministres '!T311+'GLOBAL Ministres '!T316+'GLOBAL Ministres '!T317+'GLOBAL Ministres '!#REF!+'GLOBAL Ministres '!T324 -> #REF! | H24: ='GLOBAL Ministres '!U282+'GLOBAL Ministres '!U284+'GLOBAL Ministres '!U286+'GLOBAL Ministres '!U287+'GLOBAL Ministres '!U290+'GLOBAL Ministres '!U293+'GLOBAL Ministres '!U296+'GLOBAL Ministres '!U297+'GLOBAL Ministres '!U302+'GLOBAL Ministres '!U303+'GLOBAL Ministres '!U304+'GLOBAL Ministres '!U308+'GLOBAL Ministres '!U309+'GLOBAL Ministres '!U311+'GLOBAL Ministres '!U316+'GLOBAL Ministres '!U317+'GLOBAL Ministres '!#REF!+'GLOBAL Ministres '!U324 -> #REF! | I24: ='GLOBAL Ministres '!V282+'GLOBAL Ministres '!V284+'GLOBAL Ministres '!V286+'GLOBAL Ministres '!V287+'GLOBAL Ministres '!V290+'GLOBAL Ministres '!V293+'GLOBAL Ministres '!V296+'GLOBAL Ministres '!V297+'GLOBAL Ministres '!V302+'GLOBAL Ministres '!V303+'GLOBAL Ministres '!V304+'GLOBAL Ministres '!V308+'GLOBAL Ministres '!V309+'GLOBAL Ministres '!V311+'GLOBAL Ministres '!V316+'GLOBAL Ministres '!V317+'GLOBAL Ministres '!#REF!+'GLOBAL Ministres '!V324 -> #REF!
A25: 076 | B25: Pas de recettes | D25: 2020 | E25: FBUD | F25: Fonds budgétaire : Fonds de solidarité internationnal pour l'eau
A26: 077 | B26: 903 | D26: 2021 | E26: FBUD | F26: Fonds budgétaire : Fonds pour la gestion des déchets | G26: ='GLOBAL Ministres '!T283+'GLOBAL Ministres '!T285+'GLOBAL Ministres '!T288+'GLOBAL Ministres '!T289+'GLOBAL Ministres '!T291+'GLOBAL Ministres '!T294+'GLOBAL Ministres '!T295+'GLOBAL Ministres '!T299+'GLOBAL Ministres '!T300+'GLOBAL Ministres '!T301+'GLOBAL Ministres '!T305+'GLOBAL Ministres '!T306+'GLOBAL Ministres '!T307+'GLOBAL Ministres '!T310+'GLOBAL Ministres '!T312+'GLOBAL Ministres '!T313+'GLOBAL Ministres '!#REF!+'GLOBAL Ministres '!T318+'GLOBAL Ministres '!T323 -> #REF! | H26: ='GLOBAL Ministres '!U283+'GLOBAL Ministres '!U285+'GLOBAL Ministres '!U288+'GLOBAL Ministres '!U289+'GLOBAL Ministres '!U291+'GLOBAL Ministres '!U294+'GLOBAL Ministres '!U295+'GLOBAL Ministres '!U299+'GLOBAL Ministres '!U300+'GLOBAL Ministres '!U301+'GLOBAL Ministres '!U305+'GLOBAL Ministres '!U306+'GLOBAL Ministres '!U307+'GLOBAL Ministres '!U310+'GLOBAL Ministres '!U312+'GLOBAL Ministres '!U313+'GLOBAL Ministres '!#REF!+'GLOBAL Ministres '!U318+'GLOBAL Ministres '!U323 -> #REF! | I26: ='GLOBAL Ministres '!V283+'GLOBAL Ministres '!V285+'GLOBAL Ministres '!V288+'GLOBAL Ministres '!V289+'GLOBAL Ministres '!V291+'GLOBAL Ministres '!V294+'GLOBAL Ministres '!V295+'GLOBAL Ministres '!V299+'GLOBAL Ministres '!V300+'GLOBAL Ministres '!V301+'GLOBAL Ministres '!V305+'GLOBAL Ministres '!V306+'GLOBAL Ministres '!V307+'GLOBAL Ministres '!V310+'GLOBAL Ministres '!V312+'GLOBAL Ministres '!V313+'GLOBAL Ministres '!#REF!+'GLOBAL Ministres '!V318+'GLOBAL Ministres '!V323+'GLOBAL Ministres '!V314 -> #REF!
A27: 086 | B27: 904 | D27: 2022 | E27: FBUD | F27: (Supprimé) Fonds budgétaire : Fonds des sites à réaménager et des sites de réhabilitation paysagère et environnementale
A28: 087 | B28: 926 | D28: 2023 | E28: FBUD | F28: (Supprimé) Fonds budgétaire : Fonds d'aménagement opérationnel (art. D.V.17 du Code du Développement Territorial)
A29: 088 | B29: 923 | D29: 2024 | E29: FBUD | F29: (Supprimé) Fonds budgétaire : Fonds régional pour le relogement | G29: ='GLOBAL Ministres '!T381+'GLOBAL Ministres '!T387 -> 0 | H29: ='GLOBAL Ministres '!U381+'GLOBAL Ministres '!U387 -> 0 | I29: ='GLOBAL Ministres '!V381+'GLOBAL Ministres '!V387 -> 0
A30: 089 | B30: 924 | D30: 2025 | E30: FBUD | F30: Fonds budgétaire : Fonds Energie | G30: ='GLOBAL Ministres '!T383+'GLOBAL Ministres '!T384+'GLOBAL Ministres '!T388+'GLOBAL Ministres '!T389 -> 11000 | H30: ='GLOBAL Ministres '!U383+'GLOBAL Ministres '!U384+'GLOBAL Ministres '!U388+'GLOBAL Ministres '!U389 -> -11000 | I30: ='GLOBAL Ministres '!V383+'GLOBAL Ministres '!V384+'GLOBAL Ministres '!V388+'GLOBAL Ministres '!V389 -> 0
A31: 090 | B31: 927 | D31: 2026 | E31: FBUD | F31: Fonds budgétaire : Fonds destiné au financement du dispositif Ecopack et Rénopack - Marshall 4.0 - Axe IV - Mesure IV.1.2 | G31: ='GLOBAL Ministres '!T401 -> 72400 | H31: ='GLOBAL Ministres '!U401 -> -72400 | I31: ='GLOBAL Ministres '!V401 -> 0
A32: 116 | B32: Pas de recettes | D32: 2027 | E32: FBUD | F32: (Supprimé) Fonds budgétaire : Fonds de rénovation industrielle (première, deuxième et troisième missions)
A33: 117 | D33: 2028 | E33: FBUD | F33: (Supprimé) Fonds budgétaire : Fonds budgétaire en matière d'emploi
A34: 118 | B34: 928 | D34: 2029 | E34: FBUD | F34: Fonds budgétaire : Fonds destiné au soutien de la Recherche, du développement et de l'innovation | G34: ='GLOBAL Ministres '!#REF!+'GLOBAL Ministres '!#REF!+'GLOBAL Ministres '!#REF!+'GLOBAL Ministres '!#REF!+'GLOBAL Ministres '!#REF!+'GLOBAL Ministres '!#REF!+'GLOBAL Ministres '!#REF!+'GLOBAL Ministres '!#REF!+'GLOBAL Ministres '!#REF!+'GLOBAL Ministres '!#REF!+'GLOBAL Ministres '!#REF! -> #REF! | H34: ='GLOBAL Ministres '!#REF!+'GLOBAL Ministres '!#REF!+'GLOBAL Ministres '!#REF!+'GLOBAL Ministres '!#REF!+'GLOBAL Ministres '!#REF!+'GLOBAL Ministres '!#REF!+'GLOBAL Ministres '!#REF!+'GLOBAL Ministres '!#REF!+'GLOBAL Ministres '!#REF!+'GLOBAL Ministres '!#REF!+'GLOBAL Ministres '!#REF! -> #REF! | I34: ='GLOBAL Ministres '!#REF!+'GLOBAL Ministres '!#REF!+'GLOBAL Ministres '!#REF!+'GLOBAL Ministres '!#REF!+'GLOBAL Ministres '!#REF!+'GLOBAL Ministres '!#REF!+'GLOBAL Ministres '!#REF!+'GLOBAL Ministres '!#REF!+'GLOBAL Ministres '!#REF!+'GLOBAL Ministres '!#REF!+'GLOBAL Ministres '!#REF! -> #REF!
C35: TOTAL | G35: =SUM(G6:G34) -> #REF! | H35: =SUM(H6:H34) -> #REF! | I35: =SUM(I6:I34) -> #REF!
A36: DF Dép | B36: DF Rec | C36: SECTION PARTICULIERE (dépenses et recettes)
A37: 899001 | B37: 899001 | C37: 43 ou 44 | D37: 3001 | E37: SPAR | F37: Fonds destiné à la réalisation de programmes particuliers financés par le F.E.D.E.R. (Programmation 2014-2020) | G37: ='GLOBAL Ministres '!T143 -> 250 | H37: ='GLOBAL Ministres '!U143 -> -250 | I37: ='GLOBAL Ministres '!V143 -> 0
A38: 899002 | B38: 899002 | D38: 3002 | E38: SPAR | F38: Fonds destiné à la réalisation de programmes particuliers financés par le F.S.E. (Programmation 2014-2020) | G38: ='GLOBAL Ministres '!T144 -> 0 | H38: ='GLOBAL Ministres '!U144 -> 0 | I38: ='GLOBAL Ministres '!V144 -> 0
A39: 899003 | B39: 899003 | D39: 3003 | E39: SPAR | F39: Fonds destiné à la réalisation de programmes particuliers financés par le FEAMPA (Programmation 2014-2020) | G39: ='GLOBAL Ministres '!T145 -> 0 | H39: ='GLOBAL Ministres '!U145 -> 0 | I39: ='GLOBAL Ministres '!V145 -> 0
A40: 899004 | B40: 899004 | D40: 3004 | E40: SPAR | F40: Fonds destiné à la réalisation de programmes particuliers financés par LIFE (Programmation 2014-2020) | G40: ='GLOBAL Ministres '!T146 -> 800 | H40: ='GLOBAL Ministres '!U146 -> -800 | I40: ='GLOBAL Ministres '!V146 -> 0
A41: 899005 | B41: 899005 | D41: 3005 | E41: SPAR | F41: Fonds destiné à la réalisation de programmes particuliers financés par le RTE-T | G41: ='GLOBAL Ministres '!T147 -> 600 | H41: ='GLOBAL Ministres '!U147 -> -600 | I41: ='GLOBAL Ministres '!V147 -> 0
A42: 899007 | B42: 899007 | D42: 3006 | E42: SPAR | F42: Fonds destiné à la réalisation du Plan de relance et de résilience - Nouveau
A43: 899007 | B43: 899007 | D43: 3007 | E43: SPAR | F43: Fonds destiné à la réalisation de la réserve d'ajustement du Brexit | G43: ='GLOBAL Ministres '!T149 -> 0 | H43: ='GLOBAL Ministres '!U149 -> 0 | I43: ='GLOBAL Ministres '!V149 -> 0
A44: 899008 | B44: 899008 | D44: 3008 | E44: SPAR | F44: Fonds destiné à la réalisation de programmes particuliers financés par le F.E.D.E.R. (Programmation 2021-2027) | G44: ='GLOBAL Ministres '!T150 -> 160000 | H44: ='GLOBAL Ministres '!U150 -> -160000 | I44: ='GLOBAL Ministres '!V150 -> 0
A45: 899009 | B45: 899009 | D45: 3009 | E45: SPAR | F45: Fonds destiné à la réalisation de programmes particuliers financés par le F.S.E. (Programmation 2021-2027) | G45: ='GLOBAL Ministres '!#REF! -> #REF! | H45: ='GLOBAL Ministres '!#REF! -> #REF! | I45: ='GLOBAL Ministres '!#REF! -> #REF!
A46: 899010 | B46: 899010 | D46: 3010 | E46: SPAR | F46: Fonds destiné à la réalisation de programmes particuliers financés par LIFE (Programmation 2021-2027) | G46: ='GLOBAL Ministres '!T151 -> 0 | H46: ='GLOBAL Ministres '!U151 -> 0 | I46: ='GLOBAL Ministres '!V151 -> 0
A47: 899011 | B47: 899011 | D47: 3011 | E47: SPAR | F47: Fonds destiné à la réalisation de programmes particuliers financés par FEADER (Programmation 2021-2027) | G47: ='GLOBAL Ministres '!T152 -> 450 | H47: ='GLOBAL Ministres '!U152 -> -450 | I47: ='GLOBAL Ministres '!V152 -> 0
A48: 899012 | B48: 899012 | D48: 3012 | E48: SPAR | F48: Fonds destiné à la réalisation de programmes particuliers financés par FEAGA (Programmation 2021-2027) | G48: ='GLOBAL Ministres '!T153 -> 150 | H48: ='GLOBAL Ministres '!U153 -> -150 | I48: ='GLOBAL Ministres '!V153 -> 0
A49: 899013 | B49: 899013 | D49: 3013 | E49: SPAR | F49: Fonds destiné à la réalisation de programmes particuliers financés par FEAMPA (Programmation 2021-2027) | G49: ='GLOBAL Ministres '!T154 -> 60 | H49: ='GLOBAL Ministres '!U154 -> -60 | I49: ='GLOBAL Ministres '!V154 -> 0
A50: 899013 | B50: 899.014 | D50: 3013 | E50: SPAR | F50: Fonds destiné à la réalisation de programmes particuliers financés par Horizon Europe (Programmation 2021-2027) | H50: ='GLOBAL Ministres '!U155 -> -518 | I50: 518
C51: TOTAL | G51: =SUM(G37:G49) -> #REF! | H51: =SUM(H37:H49) -> #REF! | I51: =SUM(I37:I50) -> #REF!

Sheet Codes SEC
A1: Groupe | B1: Code SEC = Compte Budgétaire | C1: Libellé | D1: Libellé court (20 caractères) | E1: Libellé long (50 caractères)
A2: 01 | B2: 01.00 | C2: Non ventilé | D2: Non ventilé | E2: Non ventilé | F2: =LEFT(B2,2)&RIGHT(B2,2) -> 0100
A3: 03 | B3: 03.10 | C3: Opérations internes diverses | D3: Opérations internes diverses | E3: Opérations internes diverses | F3: =LEFT(B3,2)&RIGHT(B3,2) -> 0310
B4: 03.20 | C4: Régularisations avec d'autres exercices | D4: Régularisations | E4: Régularisations avec d'autres exercices | F4: =LEFT(B4,2)&RIGHT(B4,2) -> 0320
A5: 04 | B5: 04.00 | C5: Annuités en matière de leasing financiers | D5: Annuités leasings | E5: Annuités en matière de leasings financiers | F5: =LEFT(B5,2)&RIGHT(B5,2) -> 0400
A6: 11 | B6: 11.00 | F6: =LEFT(B6,2)&RIGHT(B6,2) -> 1100
B7: 11.11 | C7: Rémunération suivant les barèmes | D7: Rémunération/barèmes | E7: Rémunération suivant les barèmes | F7: =LEFT(B7,2)&RIGHT(B7,2) -> 1111
B8: 11.12 | C8: Autres éléments de la rémunération | D8: Rémunération/autres | E8: Autres éléments de la rémunération | F8: =LEFT(B8,2)&RIGHT(B8,2) -> 1112
B9: 11.20 | C9: Cotisations sociales à charge des employeurs, versées à des institutions ou fonds | D9: Cotisations sociales | E9: Cotisations sociales versées institutions/fonds | F9: =LEFT(B9,2)&RIGHT(B9,2) -> 1120
B10: 11.31 | C10: Allocations directes | D10: Allocations directes | E10: Allocations directes | F10: =LEFT(B10,2)&RIGHT(B10,2) -> 1131
B11: 11.32 | C11: Paiement maintenu du salaire | D11: Paiement maint sal | E11: Paiement maintenu du salaire | F11: =LEFT(B11,2)&RIGHT(B11,2) -> 112
B12: 11.33 | C12: Pensions du personnel des administrations publiques | D12: Pension du personnel | E12: Pension du personnel des administrations publiques | F12: =LEFT(B12,2)&RIGHT(B12,2) -> 1133
B13: 11.40 | C13: Salaire en nature | D13: Salaire en nature | E13: Salaire en nature | F13: =LEFT(B13,2)&RIGHT(B13,2) -> 1140
A14: 12 | B14: 12.11 | C14: Frais généraux de fonctionnement | D14: Frais de fct-privé | E14: Frais généraux de fonctionnement - secteur privé | F14: =LEFT(B14,2)&RIGHT(B14,2) -> 1211
B15: 12.12 | C15: Locations de bâtiments payés à des secteurs autres que le secteur des administrations publiques | D15: Loc bâtiments-privé | E15: Locations de bâtiments -secteur privé | F15: =LEFT(B15,2)&RIGHT(B15,2) -> 1212
B16: 12.21 | C16: Achats de biens non durables et de services, frais généraux de fonctionnement payés à l'intérieur du secteur des administrations publiques | D16: Frais de fct-public | E16: Frais généraux de fonctionnement -secteur public | F16: =LEFT(B16,2)&RIGHT(B16,2) -> 1221
B17: 12.22 | C17: Locations de bâtiments payés à l'intérieur du secteur des administrations publiques | D17: Loc bâtiments-pub | E17: Locations de bâtiments -secteur public | F17: =LEFT(B17,2)&RIGHT(B17,2) -> 1222
B18: 12.50 | C18: Impôts payés à des sous-secteurs des administrations publiques | D18: Impôts payés-public | E18: Impôts payés sous-secteur public | F18: =LEFT(B18,2)&RIGHT(B18,2) -> 1250
A19: 14 | B19: 14.10 | C19: Réparations et entretien d'ouvrage en matière de travaux routiers et hydrauliques n'augmentant pas la valeur: frais payés à des secteurs autres que le secteur des administrations publiques | D19: Entr VH/routes-privé | E19: Entretien VH et routes-secteur privé | F19: =LEFT(B19,2)&RIGHT(B19,2) -> 1410
B20: 14.20 | C20: Réparations et entretien d'ouvrage en matière de travaux routiers et hydrauliques n'augmentant pas la valeur: frais payés à l'intérieur du secteur des administrations publiques | D20: Entr VH/routes-pub | E20: Entretien VH et routes-secteur public | F20: =LEFT(B20,2)&RIGHT(B20,2) -> 1420
A21: 21 | B21: 21.10 | C21: Charges d'intérêt de la dette publique en euros | D21: Chg î dette publ € | E21: Charges d'intérêt de la dette publique en euros | F21: =LEFT(B21,2)&RIGHT(B21,2) -> 2110
B22: 21.20 | C22: Charges d'intérêt de la dette publique en monnaies étrangères | D22: Chg î dette publ dev | E22: Charges intérêt dette publique monnaies étrangères | F22: =LEFT(B22,2)&RIGHT(B22,2) -> 2120
B23: 21.30 | C23: Charges d'intérêt de la dette à l'intérieur du secteur des administrations publiques | D23: Chg î dette sect pub | E23: Charges d'intérêt de la dette-secteur public | F23: =LEFT(B23,2)&RIGHT(B23,2) -> 2130
B24: 21.40 | C24: Intérêts de la dette commerciale | D24: Î dette commerciale | E24: Intérêts de la dette commerciale | F24: =LEFT(B24,2)&RIGHT(B24,2) -> 2140
B25: 21.50 | C25: Intérêts sur leasings financiers | D25: Intérêts leasings | E25: Intérêts sur leasings financiers | F25: =LEFT(B25,2)&RIGHT(B25,2) -> 2150
B26: 21.60 | C26: Autres intérêts | D26: Autres intérêts | E26: Autres intérêts | F26: =LEFT(B26,2)&RIGHT(B26,2) -> 2160
A27: 24 | B27: 24.10 | C27: Locations de terres : paiements à d'autres secteurs que le secteur des administrations publiques | D27: Loc terres-privé | E27: Locations de terres-secteur privé | F27: =LEFT(B27,2)&RIGHT(B27,2) -> 240
B28: 24.20 | C28: Locations de terres : paiements à l'intérieur du secteur des administations publiques | D28: Loc terres-public | E28: Locations de terres-secteur public | F28: =LEFT(B28,2)&RIGHT(B28,2) -> 2420
A29: 25 | B29: 25.00 | C29: Dividendes distribués | D29: Dividendes distri. | E29: Dividendes distribués | F29: =LEFT(B29,2)&RIGHT(B29,2) -> 2500
A30: 31 | B30: 31.11 | C30: Subventions d'exploitation réduisant les intérêts aux entreprises publiques | D30: Subv red î-entr pub | E30: Subv expl réduisant les intérêts - entr publiques | F30: =LEFT(B30,2)&RIGHT(B30,2) -> 3111
B31: 31.12 | C31: Subventions d'exploitation réduisant les intérêts aux autres entreprises | D31: Subv red î-entr pri | E31: Subv expl réduisant les intérêts - autres entr | F31: =LEFT(B31,2)&RIGHT(B31,2) -> 3112
B32: 31.21 | C32: Subventions d'exploitation en matière de prix aux entreprises publiques | D32: Subv prix-entr pub | E32: Subv expl en matière prix - entreprises publiques | F32: =LEFT(B32,2)&RIGHT(B32,2) -> 3121
B33: 31.22 | C33: Autres subventions d'exploitation aux entreprises publiques | D33: Ô subv expl-entr pub | E33: Autres subv exploitation - entreprises publiques | F33: 3122
B34: 31.31 | C34: Subventions d'exploitation en matière de prix à des producteurs autres que les entreprises publiques | D34: Subv prix-privé | E34: Subv exploitation en matière de prix - privé | F34: =LEFT(B34,2)&RIGHT(B34,2) -> 3131
B35: 31.32 | C35: Autres subventions d'exploitation à des producteurs autres que les entreprises publiques | D35: Ô subv expl-privé | E35: Autres subventions d'exploitation - privé | F35: =LEFT(B35,2)&RIGHT(B35,2) -> 3132
B36: 31.40 | C36: Réduction de cotisations patronales ciblées | D36: Subv réd cot patron | E36: Subv réduction de cotisations patronales ciblées | F36: =LEFT(B36,2)&RIGHT(B36,2) -> 3140
A37: 32 | B37: 32.00 | C37: Transferts de revenus, autres que des subventions d'exploitation, aux entreprises et institutions financières | D37: TR ô subv expl-privé | E37: Transferts de revenus autres subv expl privé | F37: =LEFT(B37,2)&RIGHT(B37,2) -> 3200
A38: 33 | B38: 33.00 | C38: Transferts de revenus aux ASBL au service des ménages | D38: TR ASBL serv ménages | E38: Transferts de revenus aux ASBL service des ménages | F38: =LEFT(B38,2)&RIGHT(B38,2) -> 3300
A39: 34 | B39: 34.10 | C39: Pensions de veuves et orphelins du personnel des administrations publiques | D39: Pension Vve/orph-pub | E39: Pension veuves/orphelins-administrations publiques | F39: =LEFT(B39,2)&RIGHT(B39,2) -> 3410
B40: 34.20 | C40: Pensions de guerre | D40: Pensions de guerre | E40: Pensions de guerre | F40: =LEFT(B40,2)&RIGHT(B40,2) -> 3420
B41: 34.31 | C41: Prestations sociales en espèces | D41: Prst soc espèces mén | E41: Autres prestations soc en espèces aux ménages | F41: =LEFT(B41,2)&RIGHT(B41,2) -> 3431
B42: 34.32 | C42: Prestations sociales en nature | D42: Prst soc nature mén | E42: Autres prestations soc en nature aux ménages | F42: =LEFT(B42,2)&RIGHT(B42,2) -> 3432
B43: 34.41 | C43: Prestations en espèces aux ménages en tant que consommateurs | D43: Prst espèce mén cons | E43: Autres prestations espèces ménages consommateurs | F43: =LEFT(B43,2)&RIGHT(B43,2) -> 3441
B44: 34.42 | C44: Prestations en nature aux ménages en tant que consommateurs | D44: Prst nature mén cons | E44: Autres prestations nature ménages consommateurs | F44: =LEFT(B44,2)&RIGHT(B44,2) -> 3442
B45: 34.50 | C45: Autres prestations aux ménages en tant que producteurs | D45: Ô prst mén prod | E45: Autres prestations aux ménages producteurs | F45: =LEFT(B45,2)&RIGHT(B45,2) -> 3450
A46: 35 | B46: 35.10 | C46: Transferts de revenus aux Institutions de l'UE | D46: TR institutions UE | E46: Transferts de revenus aux institutions de l'UE | F46: =LEFT(B46,2)&RIGHT(B46,2) -> 3510
B47: 35.20 | C47: Transferts de revenus aux pays membres de l'UE (administrations publiques) | D47: TR pays UE-adm pub | E47: Transferts de revenus aux pays de l'UE-adm public | F47: =LEFT(B47,2)&RIGHT(B47,2) -> 3520
B48: 35.30 | C48: Transferts de revenus aux pays membres de l'UE (non-administrations publiques) | D48: TR pays UE-privé | E48: Transferts de revenus aux pays de l'UE-sect privé | F48: =LEFT(B48,2)&RIGHT(B48,2) -> 3530
B49: 35.40 | C49: Transferts de revenus aux institutions internationales autres que les institutions de l'UE | D49: TR insti int non UE | E49: TR aux institutions internationales autres que UE | F49: =LEFT(B49,2)&RIGHT(B49,2) -> 3540
B50: 35.50 | C50: Transferts de revenus aux pays autres que les pays membres de l'UE (administrations publiques) | D50: TR pays hors UE-pub | E50: TR aux pays hors UE-administrations publiques | F50: =LEFT(B50,2)&RIGHT(B50,2) -> 3550
B51: 35.60 | C51: Transferts de revenus aux pays autres que les pays membres de l'UE (non-administrations publiques) | D51: TR pays hors UE-priv | E51: TR aux pays hors UE-non-administrations publiques | F51: =LEFT(B51,2)&RIGHT(B51,2) -> 3560
A52: 41 | B52: 41.10 | C52: Transferts de revenus au pouvoir institutionnel | D52: TR pouvoir instit | E52: Transferts de revenus au pouvoir institutionnel | F52: =LEFT(B52,2)&RIGHT(B52,2) -> 4110
B53: 41.20 | C53: Transferts de revenus aux fonds budgétaires non organiques | D53: TR fonds budg. | E53: TR aux fonds budgétaires non organiques | F53: =LEFT(B53,2)&RIGHT(B53,2) -> 4120
B54: 41.30 | C54: Transferts de revenus aux services administratifs à comptabilité autonome (SACA) | D54: TR aux SACA | E54: Transferts de revenus aux SACA | F54: =LEFT(B54,2)&RIGHT(B54,2) -> 4130
B55: 41.40 | C55: Transferts de revenus aux organismes administratifs publics (OAP) | D55: TR aux UAP | E55: Transferts de revenus aux UAP | F55: =LEFT(B55,2)&RIGHT(B55,2) -> 4140
B56: 41.50 | C56: Transferts de revenus aux établissements d'enseignement du pouvoir institutionnel | D56: TR ens pouv instit | E56: TR aux étab enseignement pouvoir institutionnel | F56: =LEFT(B56,2)&RIGHT(B56,2) -> 4150
B57: 41.60 | C57: Transferts de revenus aux ASBL des administrations publiques | D57: TR aux ASBL-adm pub | E57: Transferts de revenus aux ASBL des adm publiques | F57: =LEFT(B57,2)&RIGHT(B57,2) -> 4160
B58: 41.70 | C58: Transferts de revenus aux autres unités publiques | D58: TR autres unités pub | E58: Transferts de revenus aux autres unités publiques | F58: =LEFT(B58,2)&RIGHT(B58,2) -> 4170
A59: 42 | B59: 42.10 | C59: Transferts de revenus aux administrations de sécurité sociale: Vieillesse, décès, survie | D59: TR ASS:vieil,décès | E59: TR adm sécurité sociale: vieillesse, décès, survie | F59: =LEFT(B59,2)&RIGHT(B59,2) -> 4210
B60: 42.20 | C60: Transferts de revenus aux administrations de sécurité sociale: Maladie | D60: TR ASS:maladie | E60: TR adm sécurité sociale: maladie | F60: =LEFT(B60,2)&RIGHT(B60,2) -> 4220
B61: 42.30 | C61: Transferts de revenus aux administrations de sécurité sociale: Invalidité et handicap | D61: TR ASS:inval/handic | E61: TR adm sécurité sociale: invalidité et handicap | F61: =LEFT(B61,2)&RIGHT(B61,2) -> 4230
B62: 42.40 | C62: Transferts de revenus aux administrations de sécurité sociale: Chômage | D62: TR ASS:chômage | E62: TR adm sécurité sociale:chômage | F62: =LEFT(B62,2)&RIGHT(B62,2) -> 4240
B63: 42.50 | C63: Transferts de revenus aux administrations de sécurité sociale: Charges de famille | D63: TR ASS:chge famille | E63: TR adm sécurité sociale:charges de famille | F63: =LEFT(B63,2)&RIGHT(B63,2) -> 4250
B64: 42.60 | C64: Transferts de revenus aux administrations de sécurité sociale: Accidents de travail et maladies professionnelles | D64: TR ASS:acc-mal prof | E64: TR ASS:accident du travail,maladie professionnelle | F64: =LEFT(B64,2)&RIGHT(B64,2) -> 4260
B65: 42.70 | C65: Transferts de revenus aux administrations de sécurité sociale: Formation professionnelle des adultes | D65: TR ASS form prof ad | E65: TR ASS:formation professionnelle des adultes | F65: =LEFT(B65,2)&RIGHT(B65,2) -> 4270
B66: 42.80 | C66: Transferts de revenus Subvention globale à la sécurité sociale | D66: TR ASS-subv globale | E66: TR ASS: subvention globale à la sécurité sociale | F66: =LEFT(B66,2)&RIGHT(B66,2) -> 4280
B67: 42.90 | C67: Autres transferts de revenus aux administrations de sécurité sociale | D67: TR ASS- autres | E67: TR ASS: autres transferts de revenus | F67: =LEFT(B67,2)&RIGHT(B67,2) -> 4290
A68: 43 | B68: 43.11 | C68: Transferts de revenus aux Provinces - Contributions générales | D68: TR Prov-contr géné | E68: TR aux Provinces-Contributions générales | F68: =LEFT(B68,2)&RIGHT(B68,2) -> 4311
B69: 43.12 | C69: Transferts de revenus aux Provinces - Contributions spécifiques | D69: TR Prov-contr spécif | E69: TR aux Provinces-Contributions spécifiques | F69: =LEFT(B69,2)&RIGHT(B69,2) -> 4312
B70: 43.13 | C70: Transferts de revenus aux Provinces - Contributions aux charges d'intérêt | D70: TR Prov-contr chg î | E70: TR aux Provinces-Contributions charges d'intérêt | F70: =LEFT(B70,2)&RIGHT(B70,2) -> 4313
B71: 43.14 | C71: Transferts de revenus aux Provinces - Contributions aux traitements du personnel enseignant | D71: TR Prov-sal enseign | E71: TR Provinces-Contributions salaires enseignants | F71: =LEFT(B71,2)&RIGHT(B71,2) -> 4314
B72: 43.15 | C72: Transferts de revenus aux Provinces - Contributions aux pensions du personnel enseignant | D72: TR Prov-pens enseign | E72: TR Provinces-Contributions pensions enseignants | F72: =LEFT(B72,2)&RIGHT(B72,2) -> 4315
B73: 43.16 | C73: Transferts de revenus aux Provinces - Contributions aux autres frais de fonctionnement de l'enseignement | D73: TR Prov-ô frs enseig | E73: TR Provinces-ô frais fonctionnement enseignement | F73: =LEFT(B73,2)&RIGHT(B73,2) -> 4316
B74: 43.21 | C74: Transferts de revenus aux Communes - Contributions générales | D74: TR Com-contr géné | E74: TR Communes-contributions générales | F74: =LEFT(B74,2)&RIGHT(B74,2) -> 4321
B75: 43.22 | C75: Transferts de revenus aux Communes - Contributions spécifiques | D75: TR Com-contr spécif | E75: TR Communes-contributions spécifiques | F75: =LEFT(B75,2)&RIGHT(B75,2) -> 4322
B76: 43.23 | C76: Transferts de revenus aux Communes - Contributions aux charges d'intérêt | D76: TR Com-contr chg î | E76: TR Communes-contributions aux charges d'intérêt | F76: =LEFT(B76,2)&RIGHT(B76,2) -> 4323
B77: 43.24 | C77: Transferts de revenus aux Communes - Contributions aux traitements du personnel enseignant | D77: TR Com-sal enseign | E77: TR Communes-contributions au salaire enseignants | F77: =LEFT(B77,2)&RIGHT(B77,2) -> 4324
B78: 43.25 | C78: Transferts de revenus aux Communes - Contributions aux pensions du personnel enseignant | D78: TR Com-pens enseign | E78: TR Communes-contributions pensions enseignants | F78: =LEFT(B78,2)&RIGHT(B78,2) -> 4325
B79: 43.26 | C79: Transferts de revenus aux Communes - Contributions aux autres frais de fonctionnement de l'enseignement | D79: TR Com-ô frs enseig | E79: TR Communes-ô frais fonctionnement enseignement | F79: =LEFT(B79,2)&RIGHT(B79,2) -> 4326
B80: 43.40 | C80: Transferts de revenus aux ASBL des pouvoirs locaux | D80: TR ASBL Pouv Locaux | E80: Transferts de revenus aux ASBL des pouvoirs locaux | F80: =LEFT(B80,2)&RIGHT(B80,2) -> 4340
... B85: 43.59 | C85: Transferts de revenus aux autres pouvoirs locaux | D85: TR ô pouvoirs locaux | E85: Transferts de revenus aux autres pouvoirs locaux | F85: =LEFT(B85,2)&RIGHT(B85,2) -> 4359
A86: 44 | B86: 44.10 | C86: Transferts de revenus à l'enseignement autonome subsidié - Contributions aux traitements du personnel enseignant | D86: TR EAS: sal enseig | E86: TR EAS:traitements personnel enseignant | F86: =LEFT(B86,2)&RIGHT(B86,2) -> 4410
B87: 44.20 | C87: Transferts de revenus à l'enseignement autonome subsidié - Contributions aux pensions du personnel enseignant | D87: TR EAS: pens enseig | E87: TR EAS: contributions pensions pers. enseignant | F87: =LEFT(B87,2)&RIGHT(B87,2) -> 4420
B88: 44.30 | C88: Transferts de revenus à l'enseignement autonome subsidié - Contributions aux autres frais de fonctionnement de l'enseignement | D88: TR EAS: frs fct ens | E88: TR EAS:frais fonctionnement de l'enseignement | F88: =LEFT(B88,2)&RIGHT(B88,2) -> 4430
B89: 44.40 | C89: Transferts de revenus à l'enseignement autonome subsidié - Contributions aux charges d'intérêt de l'enseignement | D89: TR EAS-contr chg î | E89: TR EAS:contributions aux charges intérêts | F89: =LEFT(B89,2)&RIGHT(B89,2) -> 4440
A90: 45 | B90: 45.11 | C90: Transferts de revenus à la Commission communautaire française | D90: TR à la COCOF | E90: Transferts de revenus à la COCOF | F90: =LEFT(B90,2)&RIGHT(B90,2) -> 451
B91: 45.12 | C91: Transferts de revenus à la Commission communautaire flamande | D91: TR à la COCON | E91: Transferts de revenus à la COCON | F91: =LEFT(B91,2)&RIGHT(B91,2) -> 4512
B92: 45.13 | C92: Transferts de revenus à la Commission communautaire commune | D92: TR à la COCOM | E92: Transferts de revenus à la COCOM | F92: =LEFT(B92,2)&RIGHT(B92,2) -> 4513
B93: 45.24 | C93: Transferts de revenus à la Commmunauté française | D93: TR à Com française | E93: Transferts de revenus à la Commmunauté française | F93: =LEFT(B93,2)&RIGHT(B93,2) -> 4524
B94: 45.25 | C94: Transferts de revenus à la Communauté flamande | D94: TR à Com flamande | E94: Transferts de revenus à la Communauté flamande | F94: =LEFT(B94,2)&RIGHT(B94,2) -> 4525
B95: 45.26 | C95: Transferts de revenus à la Communauté germanophone | D95: TR à Com germa | E95: Transferts de revenus à la Communauté germanophone | F95: =LEFT(B95,2)&RIGHT(B95,2) -> 4526
B96: 45.34 | C96: Transferts de revenus à la Région wallonne | D96: TR à la RW | E96: Transferts de revenus à la Région wallonne | F96: =LEFT(B96,2)&RIGHT(B96,2) -> 4534
B97: 45.35 | C97: Transferts de revenus à la Région de Bruxelles-Capitale | D97: TR à la Région Bxl-C | E97: Transferts de revenus à la Région Bxl-Capitale | F97: =LEFT(B97,2)&RIGHT(B97,2) -> 4535
B98: 45.40 | C98: Transferts de revenus au Pouvoir fédéral | D98: TR Pouvoir fédéral | E98: Transferts de revenus au Pouvoir fédéral | F98: =LEFT(B98,2)&RIGHT(B98,2) -> 4540
B99: 45.50 | C99: Transferts de revenus vers des unités interrégionales | D99: TR unités interrég | E99: Transferts de revenus vers unités interrégionales | F99: =LEFT(B99,2)&RIGHT(B99,2) -> 4550
A100: 51 | B100: 51.11 | C100: Transferts en capital - Aides à l'investissement aux entreprises publiques | D100: TK-AI:Ent publiques | E100: TK-Aides investissements aux entreprises publiques | F100: =LEFT(B100,2)&RIGHT(B100,2) -> 5111
B101: 51.12 | C101: Transferts en capital - Aides à l'investissement aux entreprises privées | D101: TK-AI:Ent privées | E101: TK-Aides investissements aux entreprises privées | F101: =LEFT(B101,2)&RIGHT(B101,2) -> 5112
B102: 51.21 | C102: Autres transferts en capital aux entreprises publiques | D102: Ô TK:Ent publiques | E102: Autres transf en capital aux entreprises publiques | F102: =LEFT(B102,2)&RIGHT(B102,2) -> 5121
B103: 51.22 | C103: Autres transferts en capital aux entreprises privées | D103: Ô TK:Ent privées | E103: Autres transf en capital aux entreprises privées | F103: =LEFT(B103,2)&RIGHT(B103,2) -> 5122
B104: 51.30 | C104: Autres transferts en capital aux institutions de crédit | D104: Ô TK:Instit crédit | E104: Autres transf en capital institutions de crédit | F104: =LEFT(B104,2)&RIGHT(B104,2) -> 5130
...
